Workbook
Name \0: #REF!
Name \00: #REF!
Name \a: #REF!
Name \AA: #REF!
Name \b: #REF!
Name \bb: #REF!
Name \E: #REF!
Name \EE: #REF!
Name \G: #REF!
Name \k: #REF!
Name \l: #REF!
Name \M: #REF!
Name \ñ: #REF!
Name \P: #REF!
Name \R: #REF!
Name \s: #REF!
Name \V: #REF!
Name \X: [0]!ERR
Name \Z: [0]!ERR
Name __________________ALC1: #REF!
Name __________________ONP064: #REF!
Name __________________ONP070: #REF!
Name __________________TIE1: #REF!
Name ________________ALC1: #REF!
Name ________________ONP064: #REF!
Name ________________ONP070: #REF!
Name ________________TIE1: #REF!
Name _____________ALC1: #REF!
Name _____________ONP064: #REF!
Name _____________ONP070: #REF!
Name _____________TIE1: #REF!
Name ____________ALC1: #REF!
Name ____________ONP064: #REF!
Name ____________ONP070: #REF!
Name ____________TIE1: #REF!
Name ___________ALC1: #REF!
Name ___________ONP064: #REF!
Name ___________ONP070: #REF!
Name ___________TIE1: #REF!
Name _________AFC1: [1]INV!$A$25:$D$28
Name _________AFC3: [1]INV!$F$25:$I$28
Name _________AFC5: [1]INV!$K$25:$N$28
Name _________BGC1: [1]INV!$A$5:$D$8
Name _________BGC3: [1]INV!$F$5:$I$8
Name _________BGC5: [1]INV!$K$5:$N$8
Name _________CAC1: [1]INV!$A$19:$D$22
Name _________CAC3: [1]INV!$F$19:$I$22
Name _________CAC5: [1]INV!$K$19:$N$22
Name _________key2: [2]INST!#REF!
Name _________PJ50: #REF!
Name _________SBC1: [1]INV!$A$12:$D$15
Name _________SBC3: [1]INV!$F$12:$I$15
Name _________SBC5: [1]INV!$K$12:$N$15
Name ________AFC1: [1]INV!$A$25:$D$28
Name ________AFC3: [1]INV!$F$25:$I$28
Name ________AFC5: [1]INV!$K$25:$N$28
Name ________ALC1: #REF!
Name ________BGC1: [1]INV!$A$5:$D$8
Name ________BGC3: [1]INV!$F$5:$I$8
Name ________BGC5: [1]INV!$K$5:$N$8

Sheet PRESUPUESTO
D2: ALCALDÍA MUNICIPAL DE SASAIMA DEPARTAMENTO DE CUNDINAMARCA PRESUPUESTO DE OBRA
B7: TIPO DE CONTRATO: | D7: CONTRATO DE OBRA | H7: CONTRATO No. | I7: 207-2024
B8: OBJETO: | D8: "MEJORAMIENTO DE VÍAS TERCIARIAS MEDIANTE EL USO DE PLACA HUELLA EN LA VEREDA MESETAS SECTOR VILLA CRISTINA DEL MUNICIPIO DE SASAIMA, CUNDINAMARCA”
B9: Contratante: | D9: ALCALDÍA MUNICIPAL DE SASAIMA DEPARTAMENTO DE CUNDINAMARCA
B10: Contratista: | D10: ENVIRONMENTAL AND GEOMEDCHANICAL SOLUTIONS - EGS SAS
B11: Interventor: | D11: HR INGENIERÍA SAS
B12: Supervisor: | D12: Secretaría de Planeación e Infraestructura
B13: Valor Inicial: | D13: =H41 -> 1137356530 | F13: Fecha de Inicio: | H13: 45658
D14: 0 | F14: Fecha de Terminación inicial: | H14: 45838
B15: Valor Actualizado: | D15: =D13 -> 1137356530 | F15: Plazo Inicial: | H15: SEIS (06)MESES
B16: Saldo a favor: | D16: =I44 -> 0 | F16: Prorroga No. 1: | H16: TRES (3) MESES
F17: Plazo Actualizado: | H17: NUEVE (9) MESES
F18: Suspensión No. 1: | H18: 45747
F19: Reinicio No. 1: | H19: 45763
F20: Fecha de Terminación Inicial: | H20: 45854
F21: Fecha de Terminación Actualizada: | H21: 45946
B24: Modificatorio No. 1 - Balance de obra e Inclusión Items No Previstos
B25: ÍTEM DE PAGO | C25: ESPECIFICACIONES | D25: DESCRIPCIÓN (Corresponde a los ítems o productos contratados) | E25: UNIDAD | F25: CONDICIONES INICIALES DEL CONTRATO | I25: CONDICIONES ACTUALIZADAS
F26: CANTIDAD | G26: VALOR UNITARIO | H26: VALOR TOTAL | I26: CANTIDAD | J26: VALOR TOTAL
B27: 6.1 | C27: 310.1 | D27: CONFORMACIÓN DE LA CALZADA EXISTENTE | E27: M2 | F27: 4523.18 | G27: 1298 | H27: =ROUND(G27*F27,0) -> 5871088 | I27: ='6.1'!Q36 -> 4323.2 | J27: =+ROUND((I27*G27),0) -> 5611514
B28: 610.1 | C28: 610.1 | D28: AFIRMADO | E28: M3 | F28: 678.48 | G28: 89491 | H28: =ROUND(G28*F28,0) -> 60717854 | I28: ='610.1'!Q122 -> 1145.12 | J28: =+ROUND((I28*G28),0) -> 102477934
B29: 2.13 | C29: 600.4 P | D29: EXCAVACIONES VARIAS EN MATERIAL COMÚN SECO A MANO (INCLUYE RETIRO DE SOBRANTES A UNA DISTANCIA MENOR DE 5 KM) | E29: M3 | F29: 77.63 | G29: 68681 | H29: =ROUND(G29*F29,0) -> 5331706 | I29: ='2.13'!Q122 -> 403.52 | J29: =+ROUND((I29*G29),0) -> 27714157
B30: 4.6 | C30: 630.4 | D30: CONCRETOS CLASE D, f´c =3000 PSI (bases) | E30: M3 | F30: 429.24 | G30: 855872 | H30: =ROUND(G30*F30,0) -> 367374497 | I30: ='4.6'!Q165 -> 332.96 | J30: =+ROUND((I30*G30),0) -> 284971141
B31: 4.25 | C31: 630.7 | D31: CONCRETO CICLÓPEO CLASE G, 2000 PSI 40% RAJÓN PARA BASES | E31: M3 | F31: 214.18 | G31: 572626 | H31: =ROUND(G31*F31,0) -> 122645037 | I31: ='4.25'!Q36 -> 0 | J31: =+ROUND((I31*G31),0) -> 0
B32: 671.1 | C32: 671.1 | D32: CUNETA DE CONCRETO CLASE E, 2500 PSI FUNDIDA EN EL LUGAR | E32: M3 | F32: 186.96 | G32: 693249 | H32: =ROUND(G32*F32,0) -> 129609833 | I32: ='671.1'!Q79 -> 274.72 | J32: =+ROUND((I32*G32),0) -> 190449365
B33: 4.52 | C33: 640.1 | D33: SUMINISTRO FIGURADO Y ARMADO DE ACERO DE REFUERZO 60000 PSI | E33: KG | F33: 48647.59 | G33: 9164 | H33: =ROUND(G33*F33,0) -> 445806515 | I33: ='4.52'!R337 -> 36247.63 | J33: =+ROUND((I33*G33),0) -> 332173281
B34: ITEMS NO PREVISTOS
B35: NP01 | C35: 630 P | D35: CONCRETO CICLÓPEO CLASE G, 3000 PSI 40% RAJÓN PARA BASES | E35: M3 | F35: 0 | G35: =ROUND(574631*1.33,0) -> 764259 | H35: =ROUND(G35*F35,0) -> 0 | I35: ='NP01'!Q122 -> 139.8 | J35: =+ROUND((I35*G35),0) -> 106843408
B36: NP02 | C36: 231-22 | D36: SUMINISTRO E INSTALACIÓN DE GEOTEXTIL T 2100 (ESTABILIZACIÓN, FILTRO Y SEPARACIÓN) | E36: M2 | F36: 0 | G36: =ROUND(13295*1.33,0) -> 17682 | H36: =ROUND(G36*F36,0) -> 0 | I36: ='NP02'!Q36 -> 4926.8 | J36: =+ROUND((I36*G36),0) -> 87115678
D37: SUBTOTAL | H37: =SUM(H27:H36) -> 1137356530 | J37: =SUM(J27:J36) -> 1137356478
B40: VALOR DISPONIBLE OBRAS ADICIONALES | H40: 0 | J40: =H41-J37 -> 52
B41: VALOR TOTAL OBRA | H41: =H37+H40 -> 1137356530 | J41: =J37+J40 -> 1137356530
C52: Elaboró | G52: Revisó
C53: CONTRATISTA: | G53: INTERVENTORIA:
C55: Firma: | G55: Firma:
C56: DIANA MARCELA PACHECO HERNÁNDEZ | G56: YELMAN YOHANI HERNÁNDEZ ROJAS
C57: R. L. - ENVIRONMENTAL AND GEOMEDCHANICAL SOLUTIONS - EGS SAS | G57: Director Interventoria - HR INGENIERÍA SAS
C58: CONTRATISTA DE OBRA | G58: INTERVENTORÍA

Sheet Tramos
B2: Placa Huella Vereda Las Mesetas Sasaima Cundinamarca
E3: Dimensiones (m)
B4: Tramo | C4: Ancho (m) | D4: Largo (m) | E4: cuneta (der) | F4: bordillo (der) | G4: sobreancho (der) | H4: Huella (der) | I4: Ciclop central | J4: Huella (izq) | K4: sobreancho (izq) | L4: bordillo(izq) | M4: cuneta (izq) | N4: Ancho total | O4: diferencia
B5: 1 | C5: 3.9 | D5: 6 | E5: 0.6 | F5: 0 | G5: 0 | H5: 0.9 | I5: 0.9 | J5: 0.9 | K5: 0 | L5: 0 | M5: 0.6 | N5: =+SUM(E5:M5) -> 3.9 | O5: =+C5-N5 -> 0
B6: 2 | C6: 4.3 | D6: 144 | E6: 0.8 | F6: 0 | G6: 0 | H6: 0.9 | I6: 0.9 | J6: 0.9 | K6: 0 | L6: 0 | M6: 0.8 | N6: =+SUM(E6:M6) -> 4.3 | O6: =+C6-N6 -> 0
B7: 3 | C7: 4.8 | D7: 56 | E7: 0.6 | F7: 0 | G7: 0.45 | H7: 0.9 | I7: 0.9 | J7: 0.9 | K7: 0.45 | L7: 0 | M7: 0.6 | N7: =+SUM(E7:M7) -> 4.8 | O7: =+C7-N7 -> 0
B8: 4 | C8: 4.3 | D8: 34 | E8: =+E6 -> 0.8 | F8: 0 | G8: =+G6 -> 0 | H8: =+H6 -> 0.9 | I8: =+I6 -> 0.9 | J8: =+J6 -> 0.9 | K8: =+K6 -> 0 | L8: 0 | M8: =+M6 -> 0.8 | N8: =+SUM(E8:M8) -> 4.3 | O8: =+C8-N8 -> 0
B9: 5 | C9: 3.5 | D9: 134 | E9: 0 | F9: 0 | G9: 0 | H9: 1.3 | I9: 0.9 | J9: 1.3 | K9: 0 | L9: 0 | M9: 0 | N9: =+SUM(E9:M9) -> 3.5 | O9: =+C9-N9 -> 0
B10: 6 | C10: 4.3 | D10: 105 | E10: =+E6 -> 0.8 | F10: =+F6 -> 0 | G10: =+G6 -> 0 | H10: =+H6 -> 0.9 | I10: =+I6 -> 0.9 | J10: =+J6 -> 0.9 | K10: =+K6 -> 0 | L10: =+L6 -> 0 | M10: =+M6 -> 0.8 | N10: =+SUM(E10:M10) -> 4.3 | O10: =+C10-N10 -> 0
B11: 7 | C11: 3.9 | D11: 108 | E11: =+E5 -> 0.6 | F11: =+F5 -> 0 | G11: =+G5 -> 0 | H11: =+H5 -> 0.9 | I11: =+I5 -> 0.9 | J11: =+J5 -> 0.9 | K11: =+K5 -> 0 | L11: =+L5 -> 0 | M11: =+M5 -> 0.6 | N11: =+SUM(E11:M11) -> 3.9 | O11: =+C11-N11 -> 0
B12: 8 | C12: 3.7 | D12: 13 | E12: 0.5 | F12: 0 | G12: 0 | H12: 0.9 | I12: 0.9 | J12: 0.9 | K12: 0 | L12: 0 | M12: 0.5 | N12: =+SUM(E12:M12) -> 3.7 | O12: =+C12-N12 -> 0
B13: 9 | C13: 4.3 | D13: 120 | E13: =+E6 -> 0.8 | F13: =+F6 -> 0 | G13: =+G6 -> 0 | H13: =+H6 -> 0.9 | I13: =+I6 -> 0.9 | J13: =+J6 -> 0.9 | K13: =+K6 -> 0 | L13: =+L6 -> 0 | M13: =+M6 -> 0.8 | N13: =+SUM(E13:M13) -> 4.3 | O13: =+C13-N13 -> 0
B14: 10 | C14: 4.3 | D14: 256 | E14: =+E6 -> 0.8 | F14: =+F6 -> 0 | G14: =+G6 -> 0 | H14: =+H6 -> 0.9 | I14: =+I6 -> 0.9 | J14: =+J6 -> 0.9 | K14: =+K6 -> 0 | L14: =+L6 -> 0 | M14: =+M6 -> 0.8 | N14: =+SUM(E14:M14) -> 4.3 | O14: =+C14-N14 -> 0
C15: Total (m) | D15: =+SUM(D5:D14) -> 976
D18: =+D6/3 -> 48
D19: =+D18*15 -> 720

Sheet 6.1
O2: MEMORIAS DE CALCULO BALANCE
C6: CONTRATO No.: | D6: 207 DE 2024
C7: CONTRATISTA: | D7: ENVIRONMENTAL AND GEOMEDCHANICAL SOLUTIONS - EGS SAS | P7: INTERVENTORIA: | S7: HR INGENIERA SAS
B9: OBJETO: | D9: "MEJORAMIENTO DE VÍAS TERCIARIAS MEDIANTE EL USO DE PLACA HUELLA EN LA VEREDA MESETAS SECTOR VILLA CRISTINA DEL MUNICIPIO DE SASAIMA, CUNDINAMARCA”
B11: ITEM No. 6.1 | D11: CONFORMACIÓN DE LA CALZADA EXISTENTE | X11: UNIDAD | Z11: M2
B13: Nº | C13: ABSCISAS | D13: LONGITUD | H13: ANCHO | K13: ESPESOR PROMEDIO | N13: No. ELEMENTOS | Q13: CANTIDAD TOTAL | R13: ESQUEMA Y/O REGISTRO FOTOGRÁFICO
B14: 1 | C14: Cantidad Original | Q14: =+PRESUPUESTO!F27 -> 4523.18
B15: 2 | C15: Cantidades Requeridas
C16: TRAMO 1 - K0+000 AL K0+006 (Ancho 3,90) | D16: =6 -> 6 | H16: 3.9 | N16: 1 | Q16: =ROUND(N16*H16*D16,2) -> 23.4
C17: TRAMO 2 - K0+006 AL K0+150 (Ancho 4,30) | D17: =150-6 -> 144 | H17: 4.3 | N17: 1 | Q17: =ROUND(N17*H17*D17,2) -> 619.2
C18: TRAMO 3 - K0+150 AL K0+206 (Ancho 4,80) | D18: =206-150 -> 56 | H18: 4.8 | N18: 1 | Q18: =ROUND(N18*H18*D18,2) -> 268.8
C19: TRAMO 4 - K0+206 AL K0+240 (Ancho 4,30) | D19: =240-206 -> 34 | H19: 4.3 | N19: 1 | Q19: =ROUND(N19*H19*D19,2) -> 146.2
C20: TRAMO 5 - K0+240 AL K0+374 (Ancho 4,30) - Falta ampliación | D20: =374-240 -> 134 | H20: 4.3 | N20: 1 | Q20: =ROUND(N20*H20*D20,2) -> 576.2
C21: TRAMO 6 - K0+374 AL K0+479 (Ancho 4,30) | D21: =479-374 -> 105 | H21: 4.3 | N21: 1 | Q21: =ROUND(N21*H21*D21,2) -> 451.5
C22: TRAMO 7 - K0+479 AL K0+587 (Ancho 3,90) | D22: =587-479 -> 108 | H22: 3.9 | N22: 1 | Q22: =ROUND(N22*H22*D22,2) -> 421.2
C23: TRAMO 8 - K0+587 AL K0+600 (Ancho 4,30) - Falta ampliación | D23: =600-587 -> 13 | H23: 4.3 | N23: 1 | Q23: =ROUND(N23*H23*D23,2) -> 55.9
C24: TRAMO 9 - K0+600 AL K0+720 (Ancho 4,30) | D24: =720-600 -> 120 | H24: 4.3 | N24: 1 | Q24: =ROUND(N24*H24*D24,2) -> 516
C25: TRAMO 10 - K0+720 AL K0+750 (Ancho 4,80) | D25: =750-720 -> 30 | H25: 4.8 | N25: 1 | Q25: =ROUND(N25*H25*D25,2) -> 144
C26: TRAMO 11 - K0+750 AL K1+006 (Ancho 4,30) | D26: =1006-750 -> 256 | H26: 4.3 | N26: 1 | Q26: =ROUND(N26*H26*D26,2) -> 1100.8
D36: TOTAL | Q36: =ROUND(SUM(Q16:Q35),2) -> 4323.2
C42: VoBo JAVIER DIAZ MURCIA | R42: VoBo JORGE GUILLERMO ROJAS LEON
C43: RESIDENTE DE OBRA | R43: RESIDENTE DE INTERVENTORIA
C44: ENVIRONMENTAL AND GEOMEDCHANICAL SOLUTIONS - EGS SAS | R44: HR INGENIERA SAS

Sheet 610.1
O2: MEMORIAS DE CALCULO BALANCE
C6: CONTRATO No.: | D6: 207 DE 2024
C7: CONTRATISTA: | D7: ENVIRONMENTAL AND GEOMEDCHANICAL SOLUTIONS - EGS SAS | P7: INTERVENTORIA: | S7: HR INGENIERA SAS
B9: OBJETO: | D9: "MEJORAMIENTO DE VÍAS TERCIARIAS MEDIANTE EL USO DE PLACA HUELLA EN LA VEREDA MESETAS SECTOR VILLA CRISTINA DEL MUNICIPIO DE SASAIMA, CUNDINAMARCA”
B11: ITEM No. 610.1 | D11: AFIRMADO | X11: UNIDAD | Z11: M3
B13: Nº | C13: ABSCISAS | D13: LONGITUD | H13: ANCHO | K13: ESPESOR PROMEDIO | N13: No. ELEMENTOS | Q13: CANTIDAD TOTAL | R13: ESQUEMA Y/O REGISTRO FOTOGRÁFICO
B14: 1 | C14: Cantidad Original | Q14: =PRESUPUESTO!F28 -> 678.48
B15: 2 | C15: Cantidades Requeridas
C16: TRAMO 1 - K0+000 AL K0+006 (Ancho 3,90) | D16: =6 -> 6 | H16: 3.9 | K16: 0.15 | N16: 1 | Q16: =ROUND(N16*H16*K16*D16,2) -> 3.51
C17: TRAMO 2 - K0+006 AL K0+150 (Ancho 4,30) | D17: =150-6 -> 144 | H17: 4.3 | K17: 0.15 | N17: 1 | Q17: =ROUND(N17*H17*K17*D17,2) -> 92.88
C18: TRAMO 3 - K0+150 AL K0+206 (Ancho 4,80) | D18: =206-150 -> 56 | H18: 4.8 | K18: 0.15 | N18: 1 | Q18: =ROUND(N18*H18*K18*D18,2) -> 40.32
C19: TRAMO 4 - K0+206 AL K0+240 (Ancho 4,30) | D19: =240-206 -> 34 | H19: 4.3 | K19: 0.15 | N19: 1 | Q19: =ROUND(N19*H19*K19*D19,2) -> 21.93
C20: TRAMO 5 - K0+240 AL K0+374 (Ancho 4,30) - Falta ampliación | D20: =374-240 -> 134 | H20: 4.3 | K20: 0.15 | N20: 1 | Q20: =ROUND(N20*H20*K20*D20,2) -> 86.43
C21: TRAMO 6 - K0+374 AL K0+479 (Ancho 4,30) | D21: =479-374 -> 105 | H21: 4.3 | K21: 0.15 | N21: 1 | Q21: =ROUND(N21*H21*K21*D21,2) -> 67.73
C22: TRAMO 7 - K0+479 AL K0+587 (Ancho 3,90) | D22: =587-479 -> 108 | H22: 3.9 | K22: 0.15 | N22: 1 | Q22: =ROUND(N22*H22*K22*D22,2) -> 63.18
C23: TRAMO 8 - K0+587 AL K0+600 (Ancho 4,30) - Falta ampliación | D23: =600-587 -> 13 | H23: 4.3 | K23: 0.15 | N23: 1 | Q23: =ROUND(N23*H23*K23*D23,2) -> 8.39
C24: TRAMO 9 - K0+600 AL K0+720 (Ancho 4,30) | D24: =720-600 -> 120 | H24: 4.3 | K24: 0.15 | N24: 1 | Q24: =ROUND(N24*H24*K24*D24,2) -> 77.4
C25: TRAMO 10 - K0+720 AL K0+750 (Ancho 4,80) | D25: =750-720 -> 30 | H25: 4.8 | K25: 0.15 | N25: 1 | Q25: =ROUND(N25*H25*K25*D25,2) -> 21.6
C26: TRAMO 11 - K0+750 AL K1+006 (Ancho 4,30) | D26: =1006-750 -> 256 | H26: 4.3 | K26: 0.15 | N26: 1 | Q26: =ROUND(N26*H26*K26*D26,2) -> 165.12
C27: BATEAS PARA ENTRADAS A VIVIENDAS
C28: PREDIO No. 1 | D28: 4.1 | H28: 1.2 | K28: 0.15 | N28: 1 | Q28: =ROUND(N28*H28*K28*D28,2) -> 0.74
C29: PREDIO No. 2 | D29: 4.5 | H29: 1.2 | K29: 0.15 | N29: 1 | Q29: =ROUND(N29*H29*K29*D29,2) -> 0.81
C30: PREDIO No. 3 | D30: 11 | H30: 1.2 | K30: 0.15 | N30: 1 | Q30: =ROUND(N30*H30*K30*D30,2) -> 1.98
C31: PREDIO No. 4 | D31: 3.5 | H31: 1.2 | K31: 0.15 | N31: 1 | Q31: =ROUND(N31*H31*K31*D31,2) -> 0.63
C32: PREDIO No. 5 | D32: 4.1 | H32: 1.2 | K32: 0.15 | N32: 1 | Q32: =ROUND(N32*H32*K32*D32,2) -> 0.74
C33: PREDIO No. 6 | D33: 3.9 | H33: 1.2 | K33: 0.15 | N33: 1 | Q33: =ROUND(N33*H33*K33*D33,2) -> 0.7
D34: SUBTOTAL | Q34: =ROUND(SUM(Q16:Q33),2) -> 654.09
D35: VIENEN | Q35: 0
D36: ACUMULADO | Q36: =Q34+Q35 -> 654.09
C42: VoBo JAVIER DIAZ MURCIA | R42: VoBo JORGE GUILLERMO ROJAS LEON
C43: RESIDENTE DE OBRA | R43: RESIDENTE DE INTERVENTORIA
C44: ENVIRONMENTAL AND GEOMEDCHANICAL SOLUTIONS - EGS SAS | R44: HR INGENIERA SAS
O45: MEMORIAS DE CALCULO BALANCE
C49: CONTRATO No.: | D49: =D6 -> 207 DE 2024
C50: CONTRATISTA: | D50: =D7 -> ENVIRONMENTAL AND GEOMEDCHANICAL SOLUTIONS - EGS SAS | P50: INTERVENTORIA: | S50: =S7 -> HR INGENIERA SAS
B52: OBJETO: | D52: "MEJORAMIENTO DE VÍAS TERCIARIAS MEDIANTE EL USO DE PLACA HUELLA EN LA VEREDA MESETAS SECTOR VILLA CRISTINA DEL MUNICIPIO DE SASAIMA, CUNDINAMARCA”
B54: =B11 -> ITEM No. 610.1 | D54: =D11 -> AFIRMADO | X54: UNIDAD | Z54: =Z11 -> M3
B56: Nº | C56: ABSCISAS | D56: LONGITUD | H56: ANCHO | K56: ESPESOR PROMEDIO | N56: No. ELEMENTOS | Q56: CANTIDAD TOTAL | R56: ESQUEMA Y/O REGISTRO FOTOGRÁFICO
B57: 1 | C57: Cantidad Original | Q57: =Q14 -> 678.48
B58: 2 | C58: Cantidades Requeridas
C59: BATEAS PARA ENTRADAS A VIVIENDAS
C60: PREDIO No. 7 | D60: 4.7 | H60: 1.2 | K60: 0.15 | N60: 1 | Q60: =ROUND(N60*H60*K60*D60,2) -> 0.85
C61: PREDIO No. 8 | D61: 6 | H61: 1.2 | K61: 0.15 | N61: 1 | Q61: =ROUND(N61*H61*K61*D61,2) -> 1.08
C62: PREDIO No. 9 | D62: 11 | H62: 1.2 | K62: 0.15 | N62: 1 | Q62: =ROUND(N62*H62*K62*D62,2) -> 1.98
C63: PREDIO No. 10 | D63: 6 | H63: 1.2 | K63: 0.15 | N63: 1 | Q63: =ROUND(N63*H63*K63*D63,2) -> 1.08
C64: PREDIO No. 11 | D64: 4.6 | H64: 1.2 | K64: 0.15 | N64: 1 | Q64: =ROUND(N64*H64*K64*D64,2) -> 0.83
C65: PREDIO No. 12 | D65: 6.3 | H65: 1.2 | K65: 0.15 | N65: 1 | Q65: =ROUND(N65*H65*K65*D65,2) -> 1.13
C66: PREDIO No. 13 | D66: 4.8 | H66: 1.2 | K66: 0.15 | N66: 1 | Q66: =ROUND(N66*H66*K66*D66,2) -> 0.86
C67: PREDIO No. 14 | D67: 10 | H67: 1.2 | K67: 0.15 | N67: 1 | Q67: =ROUND(N67*H67*K67*D67,2) -> 1.8
C68: ATRAQUE DE CUNETAS
C69: TRAMO 2 - K0+006 AL K0+150 (Ancho 4,30) | D69: =150-6 -> 144 | H69: 0.3 | K69: 0.3 | N69: 2 | Q69: =ROUND(N69*H69*K69*D69,2) -> 25.92
C70: TRAMO 3 - K0+150 AL K0+206 (Ancho 4,80) | D70: =206-150 -> 56 | H70: 0.3 | K70: 0.3 | N70: 2 | Q70: =ROUND(N70*H70*K70*D70,2) -> 10.08
C71: TRAMO 4 - K0+206 AL K0+240 (Ancho 4,30) | D71: =240-206 -> 34 | H71: 0.3 | K71: 0.3 | N71: 2 | Q71: =ROUND(N71*H71*K71*D71,2) -> 6.12
C72: TRAMO 5 - K0+240 AL K0+374 (Ancho 4,30) - Falta ampliación | D72: =374-240 -> 134 | H72: 0.3 | K72: 0.3 | N72: 2 | Q72: =ROUND(N72*H72*K72*D72,2) -> 24.12
C73: TRAMO 6 - K0+374 AL K0+479 (Ancho 4,30) | D73: =479-374 -> 105 | H73: 0.3 | K73: 0.3 | N73: 2 | Q73: =ROUND(N73*H73*K73*D73,2) -> 18.9
C74: TRAMO 8 - K0+587 AL K0+600 (Ancho 4,30) - Falta ampliación | D74: =600-587 -> 13 | H74: 0.3 | K74: 0.3 | N74: 1 | Q74: =ROUND(N74*H74*K74*D74,2) -> 1.17
C75: TRAMO 9 - K0+600 AL K0+720 (Ancho 4,30) | D75: =720-600 -> 120 | H75: 0.3 | K75: 0.3 | N75: 1 | Q75: =ROUND(N75*H75*K75*D75,2) -> 10.8
C76: TRAMO 10 - K0+720 AL K0+750 (Ancho 4,80) | D76: =750-720 -> 30 | H76: 0.3 | K76: 0.3 | N76: 2 | Q76: =ROUND(N76*H76*K76*D76,2) -> 5.4
D77: SUBTOTAL | Q77: =ROUND(SUM(Q59:Q76),2) -> 112.12
D78: VIENEN | Q78: =Q36 -> 654.09
D79: ACUMULADO | Q79: =Q77+Q78 -> 766.21
C85: VoBo JAVIER DIAZ MURCIA | R85: VoBo JORGE GUILLERMO ROJAS LEON
C86: RESIDENTE DE OBRA | R86: RESIDENTE DE INTERVENTORIA
C87: ENVIRONMENTAL AND GEOMEDCHANICAL SOLUTIONS - EGS SAS | R87: HR INGENIERA SAS
O88: MEMORIAS DE CALCULO BALANCE
C92: CONTRATO No.: | D92: =D49 -> 207 DE 2024
C93: CONTRATISTA: | D93: =D50 -> ENVIRONMENTAL AND GEOMEDCHANICAL SOLUTIONS - EGS SAS | P93: INTERVENTORIA: | S93: =S50 -> HR INGENIERA SAS
B95: OBJETO: | D95: "MEJORAMIENTO DE VÍAS TERCIARIAS MEDIANTE EL USO DE PLACA HUELLA EN LA VEREDA MESETAS SECTOR VILLA CRISTINA DEL MUNICIPIO DE SASAIMA, CUNDINAMARCA”
B97: =B54 -> ITEM No. 610.1 | D97: =D54 -> AFIRMADO | X97: UNIDAD | Z97: =Z54 -> M3
B99: Nº | C99: ABSCISAS | D99: LONGITUD | H99: ANCHO | K99: ESPESOR PROMEDIO | N99: No. ELEMENTOS | Q99: CANTIDAD TOTAL | R99: ESQUEMA Y/O REGISTRO FOTOGRÁFICO
B100: 1 | C100: Cantidad Original | Q100: =Q57 -> 678.48
B101: 2 | C101: Cantidades Requeridas
C102: ATRAQUE DE CUNETAS
C103: TRAMO 11 - K0+750 AL K1+006 (Ancho 4,30) | D103: =1006-750 -> 256 | H103: 0.3 | K103: 0.3 | N103: 1 | Q103: =ROUND(N103*H103*K103*D103,2) -> 23.04
C106: AFIRMADO PARA RELLENO DE FALLOS | D106: 275.87 | H106: 4.3 | K106: 0.3 | N106: 1 | Q106: =ROUND(N106*H106*K106*D106,2) -> 355.87
D120: SUBTOTAL | Q120: =ROUND(SUM(Q102:Q119),2) -> 378.91
D121: VIENEN | Q121: =Q79 -> 766.21
D122: ACUMULADO | Q122: =Q120+Q121 -> 1145.12
C128: VoBo JAVIER DIAZ MURCIA | R128: VoBo JORGE GUILLERMO ROJAS LEON
C129: RESIDENTE DE OBRA | R129: RESIDENTE DE INTERVENTORIA
C130: ENVIRONMENTAL AND GEOMEDCHANICAL SOLUTIONS - EGS SAS | R130: HR INGENIERA SAS

Sheet 2.13
O2: MEMORIAS DE CALCULO BALANCE
C6: CONTRATO No.: | D6: 207 DE 2024
C7: CONTRATISTA: | D7: ENVIRONMENTAL AND GEOMEDCHANICAL SOLUTIONS - EGS SAS | P7: INTERVENTORIA: | S7: HR INGENIERA SAS
B9: OBJETO: | D9: "MEJORAMIENTO DE VÍAS TERCIARIAS MEDIANTE EL USO DE PLACA HUELLA EN LA VEREDA MESETAS SECTOR VILLA CRISTINA DEL MUNICIPIO DE SASAIMA, CUNDINAMARCA”
B11: ITEM No. 2.13 | D11: EXCAVACIONES VARIAS EN MATERIAL COMÚN SECO A MANO (INCLUYE RETIRO DE SOBRANTES A UNA DISTANCIA MENOR DE 5 KM) | X11: UNIDAD | Z11: M3
B13: Nº | C13: ABSCISAS | D13: LONGITUD | H13: ANCHO | K13: ESPESOR PROMEDIO | N13: No. ELEMENTOS | Q13: CANTIDAD TOTAL | R13: ESQUEMA Y/O REGISTRO FOTOGRÁFICO
B14: 1 | C14: Cantidad Original | Q14: =PRESUPUESTO!F29 -> 77.63
B15: 2 | C15: Cantidades Requeridas
C16: TRAMO 1 - K0+000 AL K0+006 (Ancho 3,90) | D16: =6 -> 6
C17: EXCAVACIÓN VIGAS | D17: 3.9 | H17: 0.15 | K17: 0.1 | N17: =ROUND(D16/3+1,0) -> 3 | Q17: =ROUND(N17*H17*K17*D17,2) -> 0.18
C18: TRAMO 2 - K0+006 AL K0+150 (Ancho 4,30) | D18: =150-6 -> 144
C19: EXCAVACIÓN VIGAS | D19: 4.3 | H19: 0.15 | K19: 0.1 | N19: =ROUND(D18/3+1,0) -> 49 | Q19: =ROUND(N19*H19*K19*D19,2) -> 3.16
C20: TRAMO 3 - K0+150 AL K0+206 (Ancho 4,80) | D20: =206-150 -> 56
C21: EXCAVACIÓN VIGAS | D21: 4.8 | H21: 0.15 | K21: 0.1 | N21: =ROUND(D20/3+1,0) -> 20 | Q21: =ROUND(N21*H21*K21*D21,2) -> 1.44
C22: TRAMO 4 - K0+206 AL K0+240 (Ancho 4,30) | D22: =240-206 -> 34
C23: EXCAVACIÓN VIGAS | D23: 4.3 | H23: 0.15 | K23: 0.1 | N23: =ROUND(D22/3+1,0) -> 12 | Q23: =ROUND(N23*H23*K23*D23,2) -> 0.77
C24: TRAMO 5 - K0+240 AL K0+374 (Ancho 4,30) - Falta ampliación | D24: =374-240 -> 134
C25: EXCAVACIÓN VIGAS | D25: 4.3 | H25: 0.15 | K25: 0.1 | N25: =ROUND(D24/3+1,0) -> 46 | Q25: =ROUND(N25*H25*K25*D25,2) -> 2.97
C26: TRAMO 6 - K0+374 AL K0+479 (Ancho 4,30) | D26: =479-374 -> 105
C27: EXCAVACIÓN VIGAS | D27: 4.3 | H27: 0.15 | K27: 0.1 | N27: =ROUND(D26/3+1,0) -> 36 | Q27: =ROUND(N27*H27*K27*D27,2) -> 2.32
C28: TRAMO 7 - K0+479 AL K0+587 (Ancho 3,90) | D28: =587-479 -> 108
C29: EXCAVACIÓN VIGAS | D29: 3.9 | H29: 0.15 | K29: 0.1 | N29: =ROUND(D28/3+1,0) -> 37 | Q29: =ROUND(N29*H29*K29*D29,2) -> 2.16
C30: TRAMO 8 - K0+587 AL K0+600 (Ancho 4,30) - Falta ampliación | D30: =600-587 -> 13
C31: EXCAVACIÓN VIGAS | D31: 4.3 | H31: 0.15 | K31: 0.1 | N31: =ROUND(D30/3+1,0) -> 5 | Q31: =ROUND(N31*H31*K31*D31,2) -> 0.32
C32: TRAMO 9 - K0+600 AL K0+720 (Ancho 4,30) | D32: =720-600 -> 120
C33: EXCAVACIÓN VIGAS | D33: 4.3 | H33: 0.15 | K33: 0.1 | N33: =ROUND(D32/3+1,0) -> 41 | Q33: =ROUND(N33*H33*K33*D33,2) -> 2.64
D34: SUBTOTAL | Q34: =ROUND(SUM(Q16:Q33),2) -> 15.96
D35: VIENEN | Q35: 0
D36: ACUMULADO | Q36: =Q34+Q35 -> 15.96
C42: VoBo JAVIER DIAZ MURCIA | R42: VoBo JORGE GUILLERMO ROJAS LEON
C43: RESIDENTE DE OBRA | R43: RESIDENTE DE INTERVENTORIA
C44: ENVIRONMENTAL AND GEOMEDCHANICAL SOLUTIONS - EGS SAS | R44: HR INGENIERA SAS
O45: MEMORIAS DE CALCULO BALANCE
C49: CONTRATO No.: | D49: =D6 -> 207 DE 2024
C50: CONTRATISTA: | D50: =D7 -> ENVIRONMENTAL AND GEOMEDCHANICAL SOLUTIONS - EGS SAS | P50: INTERVENTORIA: | S50: =S7 -> HR INGENIERA SAS
B52: OBJETO: | D52: "MEJORAMIENTO DE VÍAS TERCIARIAS MEDIANTE EL USO DE PLACA HUELLA EN LA VEREDA MESETAS SECTOR VILLA CRISTINA DEL MUNICIPIO DE SASAIMA, CUNDINAMARCA”
B54: =B11 -> ITEM No. 2.13 | D54: =D11 -> EXCAVACIONES VARIAS EN MATERIAL COMÚN SECO A MANO (INCLUYE RETIRO DE SOBRANTES A UNA DISTANCIA MENOR DE 5 KM) | X54: UNIDAD | Z54: =Z11 -> M3
B56: Nº | C56: ABSCISAS | D56: LONGITUD | H56: ANCHO | K56: ESPESOR PROMEDIO | N56: No. ELEMENTOS | Q56: CANTIDAD TOTAL | R56: ESQUEMA Y/O REGISTRO FOTOGRÁFICO
B57: 1 | C57: Cantidad Original | Q57: =Q14 -> 77.63
B58: 2 | C58: Cantidades Requeridas
C59: TRAMO 10 - K0+720 AL K0+750 (Ancho 4,80) | D59: =750-720 -> 30
C60: EXCAVACIÓN VIGAS | D60: 4.8 | H60: 0.15 | K60: 0.1 | N60: =ROUND(D59/3+1,0) -> 11 | Q60: =ROUND(N60*H60*K60*D60,2) -> 0.79
C61: TRAMO 11 - K0+750 AL K1+006 (Ancho 4,30) | D61: =1006-750 -> 256
C62: EXCAVACIÓN VIGAS | D62: 4.3 | H62: 0.15 | K62: 0.1 | N62: =ROUND(D61/3+1,0) -> 86 | Q62: =ROUND(N62*H62*K62*D62,2) -> 5.55
C63: BATEAS PARA ENTRADAS A VIVIENDAS
C64: PREDIO No. 1 | D64: 4.1 | H64: 1.2 | K64: 0.25 | N64: 1 | Q64: =ROUND(N64*H64*K64*D64,2) -> 1.23
C65: PREDIO No. 2 | D65: 4.5 | H65: 1.2 | K65: 0.25 | N65: 1 | Q65: =ROUND(N65*H65*K65*D65,2) -> 1.35
C66: PREDIO No. 3 | D66: 11 | H66: 1.2 | K66: 0.25 | N66: 1 | Q66: =ROUND(N66*H66*K66*D66,2) -> 3.3
C67: PREDIO No. 4 | D67: 3.5 | H67: 1.2 | K67: 0.25 | N67: 1 | Q67: =ROUND(N67*H67*K67*D67,2) -> 1.05
C68: PREDIO No. 5 | D68: 4.1 | H68: 1.2 | K68: 0.25 | N68: 1 | Q68: =ROUND(N68*H68*K68*D68,2) -> 1.23
C69: PREDIO No. 6 | D69: 3.9 | H69: 1.2 | K69: 0.25 | N69: 1 | Q69: =ROUND(N69*H69*K69*D69,2) -> 1.17
C70: PREDIO No. 7 | D70: 4.7 | H70: 1.2 | K70: 0.25 | N70: 1 | Q70: =ROUND(N70*H70*K70*D70,2) -> 1.41
C71: PREDIO No. 8 | D71: 6 | H71: 1.2 | K71: 0.25 | N71: 1 | Q71: =ROUND(N71*H71*K71*D71,2) -> 1.8
C72: PREDIO No. 9 | D72: 11 | H72: 1.2 | K72: 0.25 | N72: 1 | Q72: =ROUND(N72*H72*K72*D72,2) -> 3.3
C73: PREDIO No. 10 | D73: 6 | H73: 1.2 | K73: 0.25 | N73: 1 | Q73: =ROUND(N73*H73*K73*D73,2) -> 1.8
C74: PREDIO No. 11 | D74: 4.6 | H74: 1.2 | K74: 0.25 | N74: 1 | Q74: =ROUND(N74*H74*K74*D74,2) -> 1.38
C75: PREDIO No. 12 | D75: 6.3 | H75: 1.2 | K75: 0.25 | N75: 1 | Q75: =ROUND(N75*H75*K75*D75,2) -> 1.89
D77: SUBTOTAL | Q77: =ROUND(SUM(Q59:Q76),2) -> 27.25
D78: VIENEN | Q78: =Q36 -> 15.96
D79: ACUMULADO | Q79: =Q77+Q78 -> 43.21
C85: VoBo JAVIER DIAZ MURCIA | R85: VoBo JORGE GUILLERMO ROJAS LEON
C86: RESIDENTE DE OBRA | R86: RESIDENTE DE INTERVENTORIA
C87: ENVIRONMENTAL AND GEOMEDCHANICAL SOLUTIONS - EGS SAS | R87: HR INGENIERA SAS
O88: MEMORIAS DE CALCULO BALANCE
C92: CONTRATO No.: | D92: =D49 -> 207 DE 2024
C93: CONTRATISTA: | D93: =D50 -> ENVIRONMENTAL AND GEOMEDCHANICAL SOLUTIONS - EGS SAS | P93: INTERVENTORIA: | S93: =S50 -> HR INGENIERA SAS
B95: OBJETO: | D95: "MEJORAMIENTO DE VÍAS TERCIARIAS MEDIANTE EL USO DE PLACA HUELLA EN LA VEREDA MESETAS SECTOR VILLA CRISTINA DEL MUNICIPIO DE SASAIMA, CUNDINAMARCA”
B97: =B54 -> ITEM No. 2.13 | D97: =D54 -> EXCAVACIONES VARIAS EN MATERIAL COMÚN SECO A MANO (INCLUYE RETIRO DE SOBRANTES A UNA DISTANCIA MENOR DE 5 KM) | X97: UNIDAD | Z97: =Z54 -> M3
B99: Nº | C99: ABSCISAS | D99: LONGITUD | H99: ANCHO | K99: ESPESOR PROMEDIO | N99: No. ELEMENTOS | Q99: CANTIDAD TOTAL | R99: ESQUEMA Y/O REGISTRO FOTOGRÁFICO
B100: 1 | C100: Cantidad Original | Q100: =Q57 -> 77.63
B101: 2 | C101: Cantidades Requeridas
C102: BATEAS PARA ENTRADAS A VIVIENDAS
C103: PREDIO No. 13 | D103: 4.8 | H103: 1.2 | K103: 0.25 | N103: 1 | Q103: =ROUND(N103*H103*K103*D103,2) -> 1.44
C104: PREDIO No. 14 | D104: 10 | H104: 1.2 | K104: 0.25 | N104: 1 | Q104: =ROUND(N104*H104*K104*D104,2) -> 3
C106: EXCAVACIÓN PARA RETIRO DE FALLOS | D106: 275.87 | H106: 4.3 | K106: 0.3 | N106: 1 | Q106: =ROUND(N106*H106*K106*D106,2) -> 355.87
D120: SUBTOTAL | Q120: =ROUND(SUM(Q102:Q119),2) -> 360.31
D121: VIENEN | Q121: =Q79 -> 43.21
D122: ACUMULADO | Q122: =Q120+Q121 -> 403.52
C128: VoBo JAVIER DIAZ MURCIA | R128: VoBo JORGE GUILLERMO ROJAS LEON
C129: RESIDENTE DE OBRA | R129: RESIDENTE DE INTERVENTORIA
C130: ENVIRONMENTAL AND GEOMEDCHANICAL SOLUTIONS - EGS SAS | R130: HR INGENIERA SAS

Sheet 4.6
O2: MEMORIAS DE CALCULO BALANCE
C6: CONTRATO No.: | D6: 207 DE 2024
C7: CONTRATISTA: | D7: ENVIRONMENTAL AND GEOMEDCHANICAL SOLUTIONS - EGS SAS | P7: INTERVENTORIA: | S7: HR INGENIERA SAS
B9: OBJETO: | D9: "MEJORAMIENTO DE VÍAS TERCIARIAS MEDIANTE EL USO DE PLACA HUELLA EN LA VEREDA MESETAS SECTOR VILLA CRISTINA DEL MUNICIPIO DE SASAIMA, CUNDINAMARCA”
B11: ITEM No. 4.6 | D11: CONCRETOS CLASE D, f´c =3000 PSI (bases) | X11: UNIDAD | Z11: M3
B13: Nº | C13: ABSCISAS | D13: LONGITUD | H13: ANCHO | K13: ESPESOR PROMEDIO | N13: No. ELEMENTOS | Q13: CANTIDAD TOTAL | R13: ESQUEMA Y/O REGISTRO FOTOGRÁFICO
B14: 1 | C14: Cantidad Original | Q14: =PRESUPUESTO!F30 -> 429.24
B15: 2 | C15: Cantidades Requeridas
C16: TRAMO 1 - K0+000 AL K0+006 (Ancho 3,90)
C17: PLACAS REFORZADAS | D17: =6 -> 6 | H17: 0.9 | K17: 0.15 | N17: 2 | Q17: =ROUND(N17*H17*K17*D17,2) -> 1.62
C18: DESCUENTO VIGAS | D18: 1.8 | H18: 0.15 | K18: 0.15 | N18: =-ROUND(D17/3+1,0) -> -3 | Q18: =ROUND(N18*H18*K18*D18,2) -> -0.12
C19: VIGAS | D19: 3.9 | H19: 0.15 | K19: 0.25 | N19: =ROUND(D17/3+1,0) -> 3 | Q19: =ROUND(N19*H19*K19*D19,2) -> 0.44
C20: TRAMO 2 - K0+006 AL K0+150 (Ancho 4,30)
C21: PLACAS REFORZADAS | D21: =150-6 -> 144 | H21: 0.9 | K21: 0.15 | N21: 2 | Q21: =ROUND(N21*H21*K21*D21,2) -> 38.88
C22: DESCUENTO VIGAS | D22: 1.8 | H22: 0.15 | K22: 0.15 | N22: =-ROUND(D21/3+1,0) -> -49 | Q22: =ROUND(N22*H22*K22*D22,2) -> -1.98
C23: VIGAS | D23: 4.3 | H23: 0.15 | K23: 0.25 | N23: =ROUND(D21/3+1,0) -> 49 | Q23: =ROUND(N23*H23*K23*D23,2) -> 7.9
C24: TRAMO 3 - K0+150 AL K0+206 (Ancho 4,80)
C25: PLACAS REFORZADAS | D25: =206-150 -> 56 | H25: 0.9 | K25: 0.15 | N25: 2 | Q25: =ROUND(N25*H25*K25*D25,2) -> 15.12
C26: DESCUENTO VIGAS | D26: 1.8 | H26: 0.15 | K26: 0.15 | N26: =-ROUND(D25/3+1,0) -> -20 | Q26: =ROUND(N26*H26*K26*D26,2) -> -0.81
C27: VIGAS | D27: 4.8 | H27: 0.15 | K27: 0.25 | N27: =ROUND(D25/3+1,0) -> 20 | Q27: =ROUND(N27*H27*K27*D27,2) -> 3.6
C28: TRAMO 4 - K0+206 AL K0+240 (Ancho 4,30)
C29: PLACAS REFORZADAS | D29: =240-206 -> 34 | H29: 0.9 | K29: 0.15 | N29: 2 | Q29: =ROUND(N29*H29*K29*D29,2) -> 9.18
C30: DESCUENTO VIGAS | D30: 1.8 | H30: 0.15 | K30: 0.15 | N30: =-ROUND(D29/3+1,0) -> -12 | Q30: =ROUND(N30*H30*K30*D30,2) -> -0.49
C31: VIGAS | D31: 4.3 | H31: 0.15 | K31: 0.25 | N31: =ROUND(D29/3+1,0) -> 12 | Q31: =ROUND(N31*H31*K31*D31,2) -> 1.94
D34: SUBTOTAL | Q34: =ROUND(SUM(Q16:Q33),2) -> 75.28
D35: VIENEN | Q35: 0
D36: ACUMULADO | Q36: =Q34+Q35 -> 75.28
C42: VoBo JAVIER DIAZ MURCIA | R42: VoBo JORGE GUILLERMO ROJAS LEON
C43: RESIDENTE DE OBRA | R43: RESIDENTE DE INTERVENTORIA
C44: ENVIRONMENTAL AND GEOMEDCHANICAL SOLUTIONS - EGS SAS | R44: HR INGENIERA SAS
O45: MEMORIAS DE CALCULO BALANCE
C49: CONTRATO No.: | D49: =D6 -> 207 DE 2024
C50: CONTRATISTA: | D50: =D7 -> ENVIRONMENTAL AND GEOMEDCHANICAL SOLUTIONS - EGS SAS | P50: INTERVENTORIA: | S50: =S7 -> HR INGENIERA SAS
B52: OBJETO: | D52: "MEJORAMIENTO DE VÍAS TERCIARIAS MEDIANTE EL USO DE PLACA HUELLA EN LA VEREDA MESETAS SECTOR VILLA CRISTINA DEL MUNICIPIO DE SASAIMA, CUNDINAMARCA”
B54: =B11 -> ITEM No. 4.6 | D54: =D11 -> CONCRETOS CLASE D, f´c =3000 PSI (bases) | X54: UNIDAD | Z54: =Z11 -> M3
B56: Nº | C56: ABSCISAS | D56: LONGITUD | H56: ANCHO | K56: ESPESOR PROMEDIO | N56: No. ELEMENTOS | Q56: CANTIDAD TOTAL | R56: ESQUEMA Y/O REGISTRO FOTOGRÁFICO
B57: 1 | C57: Cantidad Original | Q57: =Q14 -> 429.24
B58: 2 | C58: Cantidades Requeridas
C59: TRAMO 5 - K0+240 AL K0+374 (Ancho 4,30) - Falta ampliación
C60: PLACAS REFORZADAS | D60: =374-240 -> 134 | H60: 0.9 | K60: 0.15 | N60: 2 | Q60: =ROUND(N60*H60*K60*D60,2) -> 36.18
C61: DESCUENTO VIGAS | D61: 1.8 | H61: 0.15 | K61: 0.15 | N61: =-ROUND(D60/3+1,0) -> -46 | Q61: =ROUND(N61*H61*K61*D61,2) -> -1.86
C62: VIGAS | D62: 4.3 | H62: 0.15 | K62: 0.25 | N62: =ROUND(D60/3+1,0) -> 46 | Q62: =ROUND(N62*H62*K62*D62,2) -> 7.42
C63: TRAMO 6 - K0+374 AL K0+479 (Ancho 4,30)
C64: PLACAS REFORZADAS | D64: =479-374 -> 105 | H64: 0.9 | K64: 0.15 | N64: 2 | Q64: =ROUND(N64*H64*K64*D64,2) -> 28.35
C65: DESCUENTO VIGAS | D65: 1.8 | H65: 0.15 | K65: 0.15 | N65: =-ROUND(D64/3+1,0) -> -36 | Q65: =ROUND(N65*H65*K65*D65,2) -> -1.46
C66: VIGAS | D66: 4.3 | H66: 0.15 | K66: 0.25 | N66: =ROUND(D64/3+1,0) -> 36 | Q66: =ROUND(N66*H66*K66*D66,2) -> 5.81
C67: TRAMO 7 - K0+479 AL K0+587 (Ancho 3,90)
C68: PLACAS REFORZADAS | D68: =587-479 -> 108 | H68: 0.9 | K68: 0.15 | N68: 2 | Q68: =ROUND(N68*H68*K68*D68,2) -> 29.16
C69: DESCUENTO VIGAS | D69: 1.8 | H69: 0.15 | K69: 0.15 | N69: =-ROUND(D68/3+1,0) -> -37 | Q69: =ROUND(N69*H69*K69*D69,2) -> -1.5
C70: VIGAS | D70: 3.9 | H70: 0.15 | K70: 0.25 | N70: =ROUND(D68/3+1,0) -> 37 | Q70: =ROUND(N70*H70*K70*D70,2) -> 5.41
C71: TRAMO 8 - K0+587 AL K0+600 (Ancho 4,30) - Falta ampliación
C72: PLACAS REFORZADAS | D72: =600-587 -> 13 | H72: 0.9 | K72: 0.15 | N72: 2 | Q72: =ROUND(N72*H72*K72*D72,2) -> 3.51
C73: DESCUENTO VIGAS | D73: 1.8 | H73: 0.15 | K73: 0.15 | N73: =-ROUND(D72/3+1,0) -> -5 | Q73: =ROUND(N73*H73*K73*D73,2) -> -0.2
C74: VIGAS | D74: 4.3 | H74: 0.15 | K74: 0.25 | N74: =ROUND(D72/3+1,0) -> 5 | Q74: =ROUND(N74*H74*K74*D74,2) -> 0.81
D77: SUBTOTAL | Q77: =ROUND(SUM(Q59:Q76),2) -> 111.63
D78: VIENEN | Q78: =Q36 -> 75.28
D79: ACUMULADO | Q79: =Q77+Q78 -> 186.91
C85: VoBo JAVIER DIAZ MURCIA | R85: VoBo JORGE GUILLERMO ROJAS LEON
C86: RESIDENTE DE OBRA | R86: RESIDENTE DE INTERVENTORIA
C87: ENVIRONMENTAL AND GEOMEDCHANICAL SOLUTIONS - EGS SAS | R87: HR INGENIERA SAS
O88: MEMORIAS DE CALCULO BALANCE
C92: CONTRATO No.: | D92: =D49 -> 207 DE 2024
C93: CONTRATISTA: | D93: =D50 -> ENVIRONMENTAL AND GEOMEDCHANICAL SOLUTIONS - EGS SAS | P93: INTERVENTORIA: | S93: =S50 -> HR INGENIERA SAS
B95: OBJETO: | D95: "MEJORAMIENTO DE VÍAS TERCIARIAS MEDIANTE EL USO DE PLACA HUELLA EN LA VEREDA MESETAS SECTOR VILLA CRISTINA DEL MUNICIPIO DE SASAIMA, CUNDINAMARCA”
B97: =B54 -> ITEM No. 4.6 | D97: =D54 -> CONCRETOS CLASE D, f´c =3000 PSI (bases) | X97: UNIDAD | Z97: =Z54 -> M3
B99: Nº | C99: ABSCISAS | D99: LONGITUD | H99: ANCHO | K99: ESPESOR PROMEDIO | N99: No. ELEMENTOS | Q99: CANTIDAD TOTAL | R99: ESQUEMA Y/O REGISTRO FOTOGRÁFICO
B100: 1 | C100: Cantidad Original | Q100: =Q57 -> 429.24
B101: 2 | C101: Cantidades Requeridas
C102: TRAMO 9 - K0+600 AL K0+720 (Ancho 4,30)
C103: PLACAS REFORZADAS | D103: =720-600 -> 120 | H103: 0.9 | K103: 0.15 | N103: 2 | Q103: =ROUND(N103*H103*K103*D103,2) -> 32.4
C104: DESCUENTO VIGAS | D104: 1.8 | H104: 0.15 | K104: 0.15 | N104: =-ROUND(D103/3+1,0) -> -41 | Q104: =ROUND(N104*H104*K104*D104,2) -> -1.66
C105: VIGAS | D105: 4.3 | H105: 0.15 | K105: 0.25 | N105: =ROUND(D103/3+1,0) -> 41 | Q105: =ROUND(N105*H105*K105*D105,2) -> 6.61
C106: TRAMO 10 - K0+720 AL K0+750 (Ancho 4,80)
C107: PLACAS REFORZADAS | D107: =750-720 -> 30 | H107: 0.9 | K107: 0.15 | N107: 2 | Q107: =ROUND(N107*H107*K107*D107,2) -> 8.1
C108: DESCUENTO VIGAS | D108: 1.8 | H108: 0.15 | K108: 0.15 | N108: =-ROUND(D107/3+1,0) -> -11 | Q108: =ROUND(N108*H108*K108*D108,2) -> -0.45
C109: VIGAS | D109: 4.8 | H109: 0.15 | K109: 0.25 | N109: =ROUND(D107/3+1,0) -> 11 | Q109: =ROUND(N109*H109*K109*D109,2) -> 1.98
C110: TRAMO 11 - K0+750 AL K1+006 (Ancho 4,30)
C111: PLACAS REFORZADAS | D111: =1006-750 -> 256 | H111: 0.9 | K111: 0.15 | N111: 2 | Q111: =ROUND(N111*H111*K111*D111,2) -> 69.12
C112: DESCUENTO VIGAS | D112: 1.8 | H112: 0.15 | K112: 0.15 | N112: =-ROUND(D111/3+1,0) -> -86 | Q112: =ROUND(N112*H112*K112*D112,2) -> -3.48
C113: VIGAS | D113: 4.3 | H113: 0.15 | K113: 0.25 | N113: =ROUND(D111/3+1,0) -> 86 | Q113: =ROUND(N113*H113*K113*D113,2) -> 13.87
C114: BATEAS PARA ENTRADAS A VIVIENDAS
C115: PREDIO No. 1 | D115: 4.1 | H115: 1.2 | K115: 0.15 | N115: 1 | Q115: =ROUND(N115*H115*K115*D115,2) -> 0.74
C116: PREDIO No. 2 | D116: 4.5 | H116: 1.2 | K116: 0.15 | N116: 1 | Q116: =ROUND(N116*H116*K116*D116,2) -> 0.81
C117: PREDIO No. 3 | D117: 11 | H117: 1.2 | K117: 0.15 | N117: 1 | Q117: =ROUND(N117*H117*K117*D117,2) -> 1.98
C118: PREDIO No. 4 | D118: 3.5 | H118: 1.2 | K118: 0.15 | N118: 1 | Q118: =ROUND(N118*H118*K118*D118,2) -> 0.63
C119: PREDIO No. 5 | D119: 4.1 | H119: 1.2 | K119: 0.15 | N119: 1 | Q119: =ROUND(N119*H119*K119*D119,2) -> 0.74
D120: SUBTOTAL | Q120: =ROUND(SUM(Q102:Q119),2) -> 131.39
D121: VIENEN | Q121: =Q79 -> 186.91
D122: ACUMULADO | Q122: =Q120+Q121 -> 318.3
C128: VoBo JAVIER DIAZ MURCIA | R128: VoBo JORGE GUILLERMO ROJAS LEON
C129: RESIDENTE DE OBRA | R129: RESIDENTE DE INTERVENTORIA
C130: ENVIRONMENTAL AND GEOMEDCHANICAL SOLUTIONS - EGS SAS | R130: HR INGENIERA SAS
O131: MEMORIAS DE CALCULO BALANCE
C135: CONTRATO No.: | D135: =D92 -> 207 DE 2024
C136: CONTRATISTA: | D136: =D93 -> ENVIRONMENTAL AND GEOMEDCHANICAL SOLUTIONS - EGS SAS | P136: INTERVENTORIA: | S136: =S93 -> HR INGENIERA SAS
B138: OBJETO: | D138: "MEJORAMIENTO DE VÍAS TERCIARIAS MEDIANTE EL USO DE PLACA HUELLA EN LA VEREDA MESETAS SECTOR VILLA CRISTINA DEL MUNICIPIO DE SASAIMA, CUNDINAMARCA”
B140: =B97 -> ITEM No. 4.6 | D140: =D97 -> CONCRETOS CLASE D, f´c =3000 PSI (bases) | X140: UNIDAD | Z140: =Z97 -> M3
B142: Nº | C142: ABSCISAS | D142: LONGITUD | H142: ANCHO | K142: ESPESOR PROMEDIO | N142: No. ELEMENTOS | Q142: CANTIDAD TOTAL | R142: ESQUEMA Y/O REGISTRO FOTOGRÁFICO
B143: 1 | C143: Cantidad Original | Q143: =Q100 -> 429.24
B144: 2 | C144: Cantidades Requeridas
...

Sheet 4.25
O2: MEMORIAS DE CALCULO BALANCE
C6: CONTRATO No.: | D6: 207 DE 2024
C7: CONTRATISTA: | D7: ENVIRONMENTAL AND GEOMEDCHANICAL SOLUTIONS - EGS SAS | P7: INTERVENTORIA: | S7: HR INGENIERA SAS
B9: OBJETO: | D9: "MEJORAMIENTO DE VÍAS TERCIARIAS MEDIANTE EL USO DE PLACA HUELLA EN LA VEREDA MESETAS SECTOR VILLA CRISTINA DEL MUNICIPIO DE SASAIMA, CUNDINAMARCA”
B11: ITEM No. 4.25 | D11: CONCRETO CICLÓPEO CLASE G, 2000 PSI 40% RAJÓN PARA BASES | X11: UNIDAD | Z11: M3
B13: Nº | C13: ABSCISAS | D13: LONGITUD | H13: ANCHO | K13: ESPESOR PROMEDIO | N13: No. ELEMENTOS | Q13: CANTIDAD TOTAL | R13: ESQUEMA Y/O REGISTRO FOTOGRÁFICO
B14: 1 | C14: Cantidad Original | Q14: =PRESUPUESTO!F31 -> 214.18
B15: 2 | C15: Cantidades Requeridas
C16: NO SE REQUIERE
D36: TOTAL | Q36: =ROUND(SUM(Q16:Q35),2) -> 0
C42: VoBo JAVIER DIAZ MURCIA | R42: VoBo JORGE GUILLERMO ROJAS LEON
C43: RESIDENTE DE OBRA | R43: RESIDENTE DE INTERVENTORIA
C44: ENVIRONMENTAL AND GEOMEDCHANICAL SOLUTIONS - EGS SAS | R44: HR INGENIERA SAS

Sheet 671.1
O2: MEMORIAS DE CALCULO BALANCE
C6: CONTRATO No.: | D6: 207 DE 2024
C7: CONTRATISTA: | D7: ENVIRONMENTAL AND GEOMEDCHANICAL SOLUTIONS - EGS SAS | P7: INTERVENTORIA: | S7: HR INGENIERA SAS
B9: OBJETO: | D9: "MEJORAMIENTO DE VÍAS TERCIARIAS MEDIANTE EL USO DE PLACA HUELLA EN LA VEREDA MESETAS SECTOR VILLA CRISTINA DEL MUNICIPIO DE SASAIMA, CUNDINAMARCA”
B11: ITEM No. 671.1 | D11: CUNETA DE CONCRETO CLASE E, 2500 PSI FUNDIDA EN EL LUGAR | X11: UNIDAD | Z11: M3
B13: Nº | C13: ABSCISAS | D13: LONGITUD | H13: ANCHO | K13: ESPESOR PROMEDIO | N13: No. ELEMENTOS | Q13: CANTIDAD TOTAL | R13: ESQUEMA Y/O REGISTRO FOTOGRÁFICO
B14: 1 | C14: Cantidad Original | Q14: =PRESUPUESTO!F32 -> 186.96
B15: 2 | C15: Cantidades Requeridas
C16: TRAMO 1 - K0+000 AL K0+006 (Ancho 3,90)
C17: CUNETAS | D17: =6 -> 6 | H17: 0.6 | K17: 0.15 | N17: 2 | Q17: =ROUND(N17*H17*K17*D17,2) -> 1.08
C18: BORDILLO | D18: =D17 -> 6 | H18: 0.15 | K18: 0.15 | N18: 2 | Q18: =ROUND(N18*H18*K18*D18,2) -> 0.27
C19: TRAMO 2 - K0+006 AL K0+150 (Ancho 4,30)
C20: CUNETAS | D20: =150-6 -> 144 | H20: 0.8 | K20: 0.15 | N20: 2 | Q20: =ROUND(N20*H20*K20*D20,2) -> 34.56
C21: BORDILLO | D21: =D20 -> 144 | H21: 0.15 | K21: 0.15 | N21: 2 | Q21: =ROUND(N21*H21*K21*D21,2) -> 6.48
C22: TRAMO 3 - K0+150 AL K0+206 (Ancho 4,80)
C23: CUNETAS | D23: =206-150 -> 56 | H23: 0.6 | K23: 0.15 | N23: 2 | Q23: =ROUND(N23*H23*K23*D23,2) -> 10.08
C24: BORDILLO | D24: =D23 -> 56 | H24: 0.15 | K24: 0.15 | N24: 2 | Q24: =ROUND(N24*H24*K24*D24,2) -> 2.52
C25: TRAMO 4 - K0+206 AL K0+240 (Ancho 4,30)
C26: CUNETAS | D26: =240-206 -> 34 | H26: 0.8 | K26: 0.15 | N26: 2 | Q26: =ROUND(N26*H26*K26*D26,2) -> 8.16
C27: BORDILLO | D27: =D26 -> 34 | H27: 0.15 | K27: 0.15 | N27: 2 | Q27: =ROUND(N27*H27*K27*D27,2) -> 1.53
C28: TRAMO 5 - K0+240 AL K0+374 (Ancho 4,30) - Falta ampliación
C29: CUNETAS | D29: =374-240 -> 134 | H29: 0.8 | K29: 0.15 | N29: 2 | Q29: =ROUND(N29*H29*K29*D29,2) -> 32.16
C30: BORDILLO | D30: =D29 -> 134 | H30: 0.15 | K30: 0.15 | N30: 2 | Q30: =ROUND(N30*H30*K30*D30,2) -> 6.03
C31: TRAMO 6 - K0+374 AL K0+479 (Ancho 4,30)
C32: CUNETAS | D32: =479-374 -> 105 | H32: 0.8 | K32: 0.15 | N32: 2 | Q32: =ROUND(N32*H32*K32*D32,2) -> 25.2
C33: BORDILLO | D33: =D32 -> 105 | H33: 0.15 | K33: 0.15 | N33: 2 | Q33: =ROUND(N33*H33*K33*D33,2) -> 4.73
D34: SUBTOTAL | Q34: =ROUND(SUM(Q16:Q33),2) -> 132.8
D35: VIENEN | Q35: 0
D36: ACUMULADO | Q36: =Q34+Q35 -> 132.8
C42: VoBo JAVIER DIAZ MURCIA | R42: VoBo JORGE GUILLERMO ROJAS LEON
C43: RESIDENTE DE OBRA | R43: RESIDENTE DE INTERVENTORIA
C44: ENVIRONMENTAL AND GEOMEDCHANICAL SOLUTIONS - EGS SAS | R44: HR INGENIERA SAS
O45: MEMORIAS DE CALCULO BALANCE
C49: CONTRATO No.: | D49: =D6 -> 207 DE 2024
C50: CONTRATISTA: | D50: =D7 -> ENVIRONMENTAL AND GEOMEDCHANICAL SOLUTIONS - EGS SAS | P50: INTERVENTORIA: | S50: =S7 -> HR INGENIERA SAS
B52: OBJETO: | D52: "MEJORAMIENTO DE VÍAS TERCIARIAS MEDIANTE EL USO DE PLACA HUELLA EN LA VEREDA MESETAS SECTOR VILLA CRISTINA DEL MUNICIPIO DE SASAIMA, CUNDINAMARCA”
B54: =B11 -> ITEM No. 671.1 | D54: =D11 -> CUNETA DE CONCRETO CLASE E, 2500 PSI FUNDIDA EN EL LUGAR | X54: UNIDAD | Z54: =Z11 -> M3
B56: Nº | C56: ABSCISAS | D56: LONGITUD | H56: ANCHO | K56: ESPESOR PROMEDIO | N56: No. ELEMENTOS | Q56: CANTIDAD TOTAL | R56: ESQUEMA Y/O REGISTRO FOTOGRÁFICO
B57: 1 | C57: Cantidad Original | Q57: =Q14 -> 186.96
B58: 2 | C58: Cantidades Requeridas
C59: TRAMO 7 - K0+479 AL K0+587 (Ancho 3,90)
C60: CUNETAS | D60: =587-479 -> 108 | H60: 0.6 | K60: 0.15 | N60: 2 | Q60: =ROUND(N60*H60*K60*D60,2) -> 19.44
C61: BORDILLO | D61: =D60 -> 108 | H61: 0.15 | K61: 0.15 | N61: 2 | Q61: =ROUND(N61*H61*K61*D61,2) -> 4.86
C62: TRAMO 8 - K0+587 AL K0+600 (Ancho 3,70) - Falta ampliación
C63: CUNETAS | D63: =600-587 -> 13 | H63: 0.8 | K63: 0.15 | N63: 2 | Q63: =ROUND(N63*H63*K63*D63,2) -> 3.12
C64: BORDILLO | D64: =D63 -> 13 | H64: 0.15 | K64: 0.15 | N64: 2 | Q64: =ROUND(N64*H64*K64*D64,2) -> 0.59
C65: TRAMO 9 - K0+600 AL K0+720 (Ancho 4,30)
C66: CUNETAS | D66: =720-600 -> 120 | H66: 0.8 | K66: 0.15 | N66: 2 | Q66: =ROUND(N66*H66*K66*D66,2) -> 28.8
C67: BORDILLO | D67: =D66 -> 120 | H67: 0.15 | K67: 0.15 | N67: 2 | Q67: =ROUND(N67*H67*K67*D67,2) -> 5.4
C68: TRAMO 10 - K0+720 AL K0+750 (Ancho 4,80)
C69: CUNETAS | D69: =750-720 -> 30 | H69: 0.6 | K69: 0.15 | N69: 2 | Q69: =ROUND(N69*H69*K69*D69,2) -> 5.4
C70: BORDILLO | D70: =D69 -> 30 | H70: 0.15 | K70: 0.15 | N70: 2 | Q70: =ROUND(N70*H70*K70*D70,2) -> 1.35
C71: TRAMO 11 - K0+750 AL K1+006 (Ancho 4,30)
C72: CUNETAS | D72: =1006-750 -> 256 | H72: 0.8 | K72: 0.15 | N72: 2 | Q72: =ROUND(N72*H72*K72*D72,2) -> 61.44
C73: BORDILLO | D73: =D72 -> 256 | H73: 0.15 | K73: 0.15 | N73: 2 | Q73: =ROUND(N73*H73*K73*D73,2) -> 11.52
D77: SUBTOTAL | Q77: =ROUND(SUM(Q59:Q76),2) -> 141.92
D78: VIENEN | Q78: =Q36 -> 132.8
D79: ACUMULADO | Q79: =Q77+Q78 -> 274.72
C85: VoBo JAVIER DIAZ MURCIA | R85: VoBo JORGE GUILLERMO ROJAS LEON
C86: RESIDENTE DE OBRA | R86: RESIDENTE DE INTERVENTORIA
C87: ENVIRONMENTAL AND GEOMEDCHANICAL SOLUTIONS - EGS SAS | R87: HR INGENIERA SAS

Sheet 4.52
P2: MEMORIAS DE CALCULO BALANCE
C6: CONTRATO No.: | D6: 207 DE 2024
C7: CONTRATISTA: | D7: ENVIRONMENTAL AND GEOMEDCHANICAL SOLUTIONS - EGS SAS | Q7: INTERVENTORIA: | T7: HR INGENIERA SAS
B9: OBJETO: | D9: "MEJORAMIENTO DE VÍAS TERCIARIAS MEDIANTE EL USO DE PLACA HUELLA EN LA VEREDA MESETAS SECTOR VILLA CRISTINA DEL MUNICIPIO DE SASAIMA, CUNDINAMARCA”
B11: ITEM No. 4.52 | D11: SUMINISTRO FIGURADO Y ARMADO DE ACERO DE REFUERZO 60000 PSI | Y11: UNIDAD | AA11: KG
B13: Nº | C13: ABSCISAS | D13: LONGITUD | H13: VARILLA No. | K13: PESO VARILLA | N13: CANTIDAD DE VARILLAS | O13: No. ELEMENTOS | R13: CANTIDAD TOTAL | S13: ESQUEMA Y/O REGISTRO FOTOGRÁFICO
B14: 1 | C14: Cantidad Original | R14: =PRESUPUESTO!F33 -> 48647.59
B15: 2 | C15: Cantidades Requeridas
C16: TRAMO 1 - K0+000 AL K0+006 (Ancho 3,90) | D16: 6
C17: PLACAS REFORZADAS - Longitudinal | D17: 3 | H17: 4 | K17: 0.994 | N17: 5 | O17: =ROUNDUP(D16/3,0)*2 -> 4 | R17: =ROUND(O17*N17*K17*D17,2) -> 59.64
C18: PLACAS REFORZADAS - Transversal | D18: 1.1 | H18: 4 | K18: 0.994 | N18: =ROUND(D17/0.2,0) -> 15 | O18: =O17 -> 4 | R18: =ROUND(O18*N18*K18*D18,2) -> 65.6
C19: VIGAS - Longitudinal | D19: 4.1 | H19: 3 | K19: 0.56 | N19: 2 | O19: =ROUNDUP(D16/3,0)+1 -> 3 | R19: =ROUND(O19*N19*K19*D19,2) -> 13.78
C20: VIGAS - Transversal | D20: 0.38 | H20: 3 | K20: 0.56 | N20: =ROUND(D19/0.2,0) -> 21 | O20: =O19 -> 3 | R20: =ROUND(O20*N20*K20*D20,2) -> 13.41
C21: CUNETAS Y BORDILLO - Longitudinal | D21: 3 | H21: 3 | K21: 0.56 | N21: 4 | O21: =ROUNDUP(D16/3,0)*2 -> 4 | R21: =ROUND(O21*N21*K21*D21,2) -> 26.88
C22: CUNETAS Y BORDILLO - Transversal | D22: =0.2+0.12*2+0.55 -> 0.99 | H22: 3 | K22: 0.56 | N22: =ROUND(D21/0.25,0) -> 12 | O22: =O21 -> 4 | R22: =ROUND(O22*N22*K22*D22,2) -> 26.61
C24: TRAMO 2 - K0+006 AL K0+150 (Ancho 4,30) | D24: =150-6 -> 144
C25: PLACAS REFORZADAS - Longitudinal | D25: 3 | H25: 4 | K25: 0.994 | N25: 5 | O25: =ROUNDUP(D24/3,0)*2 -> 96 | R25: =ROUND(O25*N25*K25*D25,2) -> 1431.36
C26: PLACAS REFORZADAS - Transversal | D26: 1.1 | H26: 4 | K26: 0.994 | N26: =ROUND(D25/0.2,0) -> 15 | O26: =O25 -> 96 | R26: =ROUND(O26*N26*K26*D26,2) -> 1574.5
C27: VIGAS - Longitudinal | D27: 4.5 | H27: 3 | K27: 0.56 | N27: 2 | O27: =ROUNDUP(D24/3,0)+1 -> 49 | R27: =ROUND(O27*N27*K27*D27,2) -> 246.96
C28: VIGAS - Transversal | D28: 0.38 | H28: 3 | K28: 0.56 | N28: =ROUND(D27/0.2,0) -> 23 | O28: =O27 -> 49 | R28: =ROUND(O28*N28*K28*D28,2) -> 239.83
C29: CUNETAS Y BORDILLO - Longitudinal | D29: 3 | H29: 3 | K29: 0.56 | N29: 5 | O29: =ROUNDUP(D24/3,0)*2 -> 96 | R29: =ROUND(O29*N29*K29*D29,2) -> 806.4
C30: CUNETAS Y BORDILLO - Transversal | D30: =0.2+0.12*2+0.75 -> 1.19 | H30: 3 | K30: 0.56 | N30: =ROUND(D29/0.25,0) -> 12 | O30: =O29 -> 96 | R30: =ROUND(O30*N30*K30*D30,2) -> 767.69
D34: SUBTOTAL | R34: =ROUND(SUM(R16:R33),2) -> 5272.66
D35: VIENEN | R35: 0
D36: ACUMULADO | R36: =R34+R35 -> 5272.66
C42: VoBo JAVIER DIAZ MURCIA | S42: VoBo JORGE GUILLERMO ROJAS LEON
C43: RESIDENTE DE OBRA | S43: RESIDENTE DE INTERVENTORIA
C44: ENVIRONMENTAL AND GEOMEDCHANICAL SOLUTIONS - EGS SAS | S44: HR INGENIERA SAS
P45: MEMORIAS DE CALCULO BALANCE
C49: CONTRATO No.: | D49: =D6 -> 207 DE 2024
C50: CONTRATISTA: | D50: =D7 -> ENVIRONMENTAL AND GEOMEDCHANICAL SOLUTIONS - EGS SAS | Q50: INTERVENTORIA: | T50: =T7 -> HR INGENIERA SAS
B52: OBJETO: | D52: "MEJORAMIENTO DE VÍAS TERCIARIAS MEDIANTE EL USO DE PLACA HUELLA EN LA VEREDA MESETAS SECTOR VILLA CRISTINA DEL MUNICIPIO DE SASAIMA, CUNDINAMARCA”
B54: =B11 -> ITEM No. 4.52 | D54: =D11 -> SUMINISTRO FIGURADO Y ARMADO DE ACERO DE REFUERZO 60000 PSI | Y54: UNIDAD | AA54: =AA11 -> KG
B56: Nº | C56: ABSCISAS | D56: LONGITUD | H56: VARILLA No. | K56: PESO VARILLA | N56: CANTIDAD DE VARILLAS | O56: No. ELEMENTOS | R56: CANTIDAD TOTAL | S56: ESQUEMA Y/O REGISTRO FOTOGRÁFICO
B57: 1 | C57: Cantidad Original | R57: =R14 -> 48647.59
B58: 2 | C58: Cantidades Requeridas
C59: TRAMO 3 - K0+150 AL K0+206 (Ancho 4,80) | D59: =206-150 -> 56
C60: PLACAS REFORZADAS - Longitudinal | D60: 3 | H60: 4 | K60: 0.994 | N60: 5 | O60: =ROUNDUP(D59/3,0)*2 -> 38 | R60: =ROUND(O60*N60*K60*D60,2) -> 566.58
C61: PLACAS REFORZADAS - Transversal | D61: 1.1 | H61: 4 | K61: 0.994 | N61: =ROUND(D60/0.2,0) -> 15 | O61: =O60 -> 38 | R61: =ROUND(O61*N61*K61*D61,2) -> 623.24
C62: VIGAS - Longitudinal | D62: 5 | H62: 3 | K62: 0.56 | N62: 2 | O62: =ROUNDUP(D59/3,0)+1 -> 20 | R62: =ROUND(O62*N62*K62*D62,2) -> 112
C63: VIGAS - Transversal | D63: 0.38 | H63: 3 | K63: 0.56 | N63: =ROUND(D62/0.2,0) -> 25 | O63: =O62 -> 20 | R63: =ROUND(O63*N63*K63*D63,2) -> 106.4
C64: CUNETAS Y BORDILLO - Longitudinal | D64: 3 | H64: 3 | K64: 0.56 | N64: 4 | O64: =ROUNDUP(D59/3,0)*2 -> 38 | R64: =ROUND(O64*N64*K64*D64,2) -> 255.36
C65: CUNETAS Y BORDILLO - Transversal | D65: =0.2+0.12*2+0.55 -> 0.99 | H65: 3 | K65: 0.56 | N65: =ROUND(D64/0.25,0) -> 12 | O65: =O64 -> 38 | R65: =ROUND(O65*N65*K65*D65,2) -> 252.81
C67: TRAMO 4 - K0+206 AL K0+240 (Ancho 4,30) | D67: =240-206 -> 34
C68: PLACAS REFORZADAS - Longitudinal | D68: 3 | H68: 4 | K68: 0.994 | N68: 5 | O68: =ROUNDUP(D67/3,0)*2 -> 24 | R68: =ROUND(O68*N68*K68*D68,2) -> 357.84
C69: PLACAS REFORZADAS - Transversal | D69: 1.1 | H69: 4 | K69: 0.994 | N69: =ROUND(D68/0.2,0) -> 15 | O69: =O68 -> 24 | R69: =ROUND(O69*N69*K69*D69,2) -> 393.62
C70: VIGAS - Longitudinal | D70: 4.5 | H70: 3 | K70: 0.56 | N70: 2 | O70: =ROUNDUP(D67/3,0)+1 -> 13 | R70: =ROUND(O70*N70*K70*D70,2) -> 65.52
C71: VIGAS - Transversal | D71: 0.38 | H71: 3 | K71: 0.56 | N71: =ROUND(D70/0.2,0) -> 23 | O71: =O70 -> 13 | R71: =ROUND(O71*N71*K71*D71,2) -> 63.63
C72: CUNETAS Y BORDILLO - Longitudinal | D72: 3 | H72: 3 | K72: 0.56 | N72: 5 | O72: =ROUNDUP(D67/3,0)*2 -> 24 | R72: =ROUND(O72*N72*K72*D72,2) -> 201.6
C73: CUNETAS Y BORDILLO - Transversal | D73: =0.2+0.12*2+0.75 -> 1.19 | H73: 3 | K73: 0.56 | N73: =ROUND(D72/0.25,0) -> 12 | O73: =O72 -> 24 | R73: =ROUND(O73*N73*K73*D73,2) -> 191.92
D77: SUBTOTAL | R77: =ROUND(SUM(R59:R76),2) -> 3190.52
D78: VIENEN | R78: =R36 -> 5272.66
D79: ACUMULADO | R79: =R77+R78 -> 8463.18
C85: VoBo JAVIER DIAZ MURCIA | S85: VoBo JORGE GUILLERMO ROJAS LEON
C86: RESIDENTE DE OBRA | S86: RESIDENTE DE INTERVENTORIA
C87: ENVIRONMENTAL AND GEOMEDCHANICAL SOLUTIONS - EGS SAS | S87: HR INGENIERA SAS
P88: MEMORIAS DE CALCULO BALANCE
C92: CONTRATO No.: | D92: =D49 -> 207 DE 2024
C93: CONTRATISTA: | D93: =D50 -> ENVIRONMENTAL AND GEOMEDCHANICAL SOLUTIONS - EGS SAS | Q93: INTERVENTORIA: | T93: =T50 -> HR INGENIERA SAS
B95: OBJETO: | D95: "MEJORAMIENTO DE VÍAS TERCIARIAS MEDIANTE EL USO DE PLACA HUELLA EN LA VEREDA MESETAS SECTOR VILLA CRISTINA DEL MUNICIPIO DE SASAIMA, CUNDINAMARCA”
B97: =B54 -> ITEM No. 4.52 | D97: =D54 -> SUMINISTRO FIGURADO Y ARMADO DE ACERO DE REFUERZO 60000 PSI | Y97: UNIDAD | AA97: =AA54 -> KG
B99: Nº | C99: ABSCISAS | D99: LONGITUD | H99: VARILLA No. | K99: PESO VARILLA | N99: CANTIDAD DE VARILLAS | O99: No. ELEMENTOS | R99: CANTIDAD TOTAL | S99: ESQUEMA Y/O REGISTRO FOTOGRÁFICO
B100: 1 | C100: Cantidad Original | R100: =R57 -> 48647.59
B101: 2 | C101: Cantidades Requeridas
C102: TRAMO 5 - K0+240 AL K0+374 (Ancho 4,30) - Falta ampliación | D102: =374-240 -> 134
C103: PLACAS REFORZADAS - Longitudinal | D103: 3 | H103: 4 | K103: 0.994 | N103: 5 | O103: =ROUNDUP(D102/3,0)*2 -> 90 | R103: =ROUND(O103*N103*K103*D103,2) -> 1341.9
C104: PLACAS REFORZADAS - Transversal | D104: 1.1 | H104: 4 | K104: 0.994 | N104: =ROUND(D103/0.2,0) -> 15 | O104: =O103 -> 90 | R104: =ROUND(O104*N104*K104*D104,2) -> 1476.09
C105: VIGAS - Longitudinal | D105: 4.5 | H105: 3 | K105: 0.56 | N105: 2 | O105: =ROUNDUP(D102/3,0)+1 -> 46 | R105: =ROUND(O105*N105*K105*D105,2) -> 231.84
C106: VIGAS - Transversal | D106: 0.38 | H106: 3 | K106: 0.56 | N106: =ROUND(D105/0.2,0) -> 23 | O106: =O105 -> 46 | R106: =ROUND(O106*N106*K106*D106,2) -> 225.14
C107: CUNETAS Y BORDILLO - Longitudinal | D107: 3 | H107: 3 | K107: 0.56 | N107: 5 | O107: =ROUNDUP(D102/3,0)*2 -> 90 | R107: =ROUND(O107*N107*K107*D107,2) -> 756
C108: CUNETAS Y BORDILLO - Transversal | D108: =0.2+0.12*2+0.75 -> 1.19 | H108: 3 | K108: 0.56 | N108: =ROUND(D107/0.25,0) -> 12 | O108: =O107 -> 90 | R108: =ROUND(O108*N108*K108*D108,2) -> 719.71
C110: TRAMO 6 - K0+374 AL K0+479 (Ancho 4,30) | D110: =479-374 -> 105
C111: PLACAS REFORZADAS - Longitudinal | D111: 3 | H111: 4 | K111: 0.994 | N111: 5 | O111: =ROUNDUP(D110/3,0)*2 -> 70 | R111: =ROUND(O111*N111*K111*D111,2) -> 1043.7
C112: PLACAS REFORZADAS - Transversal | D112: 1.1 | H112: 4 | K112: 0.994 | N112: =ROUND(D111/0.2,0) -> 15 | O112: =O111 -> 70 | R112: =ROUND(O112*N112*K112*D112,2) -> 1148.07
C113: VIGAS - Longitudinal | D113: 4.5 | H113: 3 | K113: 0.56 | N113: 2 | O113: =ROUNDUP(D110/3,0)+1 -> 36 | R113: =ROUND(O113*N113*K113*D113,2) -> 181.44
C114: VIGAS - Transversal | D114: 0.38 | H114: 3 | K114: 0.56 | N114: =ROUND(D113/0.2,0) -> 23 | O114: =O113 -> 36 | R114: =ROUND(O114*N114*K114*D114,2) -> 176.2
C115: CUNETAS Y BORDILLO - Longitudinal | D115: 3 | H115: 3 | K115: 0.56 | N115: 5 | O115: =ROUNDUP(D110/3,0)*2 -> 70 | R115: =ROUND(O115*N115*K115*D115,2) -> 588
C116: CUNETAS Y BORDILLO - Transversal | D116: =0.2+0.12*2+0.75 -> 1.19 | H116: 3 | K116: 0.56 | N116: =ROUND(D115/0.25,0) -> 12 | O116: =O115 -> 70 | R116: =ROUND(O116*N116*K116*D116,2) -> 559.78
D120: SUBTOTAL | R120: =ROUND(SUM(R102:R119),2) -> 8447.87
D121: VIENEN | R121: =R79 -> 8463.18
D122: ACUMULADO | R122: =R120+R121 -> 16911.05
C128: VoBo JAVIER DIAZ MURCIA | S128: VoBo JORGE GUILLERMO ROJAS LEON
C129: RESIDENTE DE OBRA | S129: RESIDENTE DE INTERVENTORIA
C130: ENVIRONMENTAL AND GEOMEDCHANICAL SOLUTIONS - EGS SAS | S130: HR INGENIERA SAS
P131: MEMORIAS DE CALCULO BALANCE
C135: CONTRATO No.: | D135: =D92 -> 207 DE 2024
C136: CONTRATISTA: | D136: =D93 -> ENVIRONMENTAL AND GEOMEDCHANICAL SOLUTIONS - EGS SAS | Q136: INTERVENTORIA: | T136: =T93 -> HR INGENIERA SAS
B138: OBJETO: | D138: "MEJORAMIENTO DE VÍAS TERCIARIAS MEDIANTE EL USO DE PLACA HUELLA EN LA VEREDA MESETAS SECTOR VILLA CRISTINA DEL MUNICIPIO DE SASAIMA, CUNDINAMARCA”
B140: =B97 -> ITEM No. 4.52 | D140: =D97 -> SUMINISTRO FIGURADO Y ARMADO DE ACERO DE REFUERZO 60000 PSI | Y140: UNIDAD | AA140: =AA97 -> KG
B142: Nº | C142: ABSCISAS | D142: LONGITUD | H142: VARILLA No. | K142: PESO VARILLA | N142: CANTIDAD DE VARILLAS | O142: No. ELEMENTOS | R142: CANTIDAD TOTAL | S142: ESQUEMA Y/O REGISTRO FOTOGRÁFICO
B143: 1 | C143: Cantidad Original | R143: =R100 -> 48647.59
B144: 2 | C144: Cantidades Requeridas
C145: TRAMO 7 - K0+479 AL K0+587 (Ancho 3,90) | D145: =587-479 -> 108
C146: PLACAS REFORZADAS - Longitudinal | D146: 3 | H146: 4 | K146: 0.994 | N146: 5 | O146: =ROUNDUP(D145/3,0)*2 -> 72 | R146: =ROUND(O146*N146*K146*D146,2) -> 1073.52
C147: PLACAS REFORZADAS - Transversal | D147: 1.1 | H147: 4 | K147: 0.994 | N147: =ROUND(D146/0.2,0) -> 15 | O147: =O146 -> 72 | R147: =ROUND(O147*N147*K147*D147,2) -> 1180.87
C148: VIGAS - Longitudinal | D148: 4.1 | H148: 3 | K148: 0.56 | N148: 2 | O148: =ROUNDUP(D145/3,0)+1 -> 37 | R148: =ROUND(O148*N148*K148*D148,2) -> 169.9
C149: VIGAS - Transversal | D149: 0.38 | H149: 3 | K149: 0.56 | N149: =ROUND(D148/0.2,0) -> 21 | O149: =O148 -> 37 | R149: =ROUND(O149*N149*K149*D149,2) -> 165.35
C150: CUNETAS Y BORDILLO - Longitudinal | D150: 3 | H150: 3 | K150: 0.56 | N150: 4 | O150: =ROUNDUP(D145/3,0)*2 -> 72 | R150: =ROUND(O150*N150*K150*D150,2) -> 483.84
C151: CUNETAS Y BORDILLO - Transversal | D151: =0.2+0.12*2+0.55 -> 0.99 | H151: 3 | K151: 0.56 | N151: =ROUND(D150/0.25,0) -> 12 | O151: =O150 -> 72 | R151: =ROUND(O151*N151*K151*D151,2) -> 479
C153: TRAMO 8 - K0+587 AL K0+600 (Ancho 4,30) - Falta ampliación | D153: =600-587 -> 13
...

Sheet NP01
O2: MEMORIAS DE CALCULO BALANCE
C6: CONTRATO No.: | D6: 207 DE 2024
C7: CONTRATISTA: | D7: ENVIRONMENTAL AND GEOMEDCHANICAL SOLUTIONS - EGS SAS | P7: INTERVENTORIA: | S7: HR INGENIERA SAS
B9: OBJETO: | D9: "MEJORAMIENTO DE VÍAS TERCIARIAS MEDIANTE EL USO DE PLACA HUELLA EN LA VEREDA MESETAS SECTOR VILLA CRISTINA DEL MUNICIPIO DE SASAIMA, CUNDINAMARCA”
B11: ITEM No. NP01 | D11: CONCRETO CICLÓPEO CLASE G, 3000 PSI 40% RAJÓN PARA BASES | X11: UNIDAD | Z11: M3
B13: Nº | C13: ABSCISAS | D13: LONGITUD | H13: ANCHO | K13: ESPESOR PROMEDIO | N13: No. ELEMENTOS | Q13: CANTIDAD TOTAL | R13: ESQUEMA Y/O REGISTRO FOTOGRÁFICO
B14: 1 | C14: Cantidad Original | Q14: =PRESUPUESTO!F35 -> 0
B15: 2 | C15: Cantidades Requeridas
C16: TRAMO 1 - K0+000 AL K0+006 (Ancho 3,90)
C17: PLACA CENTRAL | D17: =6 -> 6 | H17: 0.9 | K17: 0.15 | N17: 1 | Q17: =ROUND(N17*H17*K17*D17,2) -> 0.81
C18: DESCUENTO VIGAS | D18: =H17 -> 0.9 | H18: 0.15 | K18: 0.15 | N18: =-ROUND(D17/3+1,0) -> -3 | Q18: =ROUND(N18*H18*K18*D18,2) -> -0.06
C19: TRAMO 2 - K0+006 AL K0+150 (Ancho 4,30)
C20: PLACA CENTRAL | D20: =150-6 -> 144 | H20: 0.9 | K20: 0.15 | N20: 1 | Q20: =ROUND(N20*H20*K20*D20,2) -> 19.44
C21: DESCUENTO VIGAS | D21: =H20 -> 0.9 | H21: 0.15 | K21: 0.15 | N21: =-ROUND(D20/3+1,0) -> -49 | Q21: =ROUND(N21*H21*K21*D21,2) -> -0.99
C22: TRAMO 3 - K0+150 AL K0+206 (Ancho 4,80)
C23: PLACA CENTRAL | D23: =206-150 -> 56 | H23: 0.9 | K23: 0.15 | N23: 1 | Q23: =ROUND(N23*H23*K23*D23,2) -> 7.56
C24: SOBREANCHOS LATERALES | D24: =D23 -> 56 | H24: 0.45 | K24: 0.15 | N24: 2 | Q24: =ROUND(N24*H24*K24*D24,2) -> 7.56
C25: DESCUENTO VIGAS | D25: =H23+H24*2 -> 1.8 | H25: 0.15 | K25: 0.15 | N25: =-ROUND(D23/3+1,0) -> -20 | Q25: =ROUND(N25*H25*K25*D25,2) -> -0.81
C26: TRAMO 4 - K0+206 AL K0+240 (Ancho 4,30)
C27: PLACA CENTRAL | D27: =240-206 -> 34 | H27: 0.9 | K27: 0.15 | N27: 1 | Q27: =ROUND(N27*H27*K27*D27,2) -> 4.59
C28: DESCUENTO VIGAS | D28: =H27 -> 0.9 | H28: 0.15 | K28: 0.15 | N28: =-ROUND(D27/3+1,0) -> -12 | Q28: =ROUND(N28*H28*K28*D28,2) -> -0.24
C29: TRAMO 5 - K0+240 AL K0+374 (Ancho 4,30) - Falta ampliación
C30: PLACA CENTRAL | D30: =374-240 -> 134 | H30: 0.9 | K30: 0.15 | N30: 1 | Q30: =ROUND(N30*H30*K30*D30,2) -> 18.09
C31: DESCUENTO VIGAS | D31: =H30 -> 0.9 | H31: 0.15 | K31: 0.15 | N31: =-ROUND(D30/3+1,0) -> -46 | Q31: =ROUND(N31*H31*K31*D31,2) -> -0.93
D34: SUBTOTAL | Q34: =ROUND(SUM(Q16:Q33),2) -> 55.02
D35: VIENEN | Q35: 0
D36: ACUMULADO | Q36: =Q34+Q35 -> 55.02
C42: VoBo JAVIER DIAZ MURCIA | R42: VoBo JORGE GUILLERMO ROJAS LEON
C43: RESIDENTE DE OBRA | R43: RESIDENTE DE INTERVENTORIA
C44: ENVIRONMENTAL AND GEOMEDCHANICAL SOLUTIONS - EGS SAS | R44: HR INGENIERA SAS
O45: MEMORIAS DE CALCULO BALANCE
C49: CONTRATO No.: | D49: =D6 -> 207 DE 2024
C50: CONTRATISTA: | D50: =D7 -> ENVIRONMENTAL AND GEOMEDCHANICAL SOLUTIONS - EGS SAS | P50: INTERVENTORIA: | S50: =S7 -> HR INGENIERA SAS
B52: OBJETO: | D52: "MEJORAMIENTO DE VÍAS TERCIARIAS MEDIANTE EL USO DE PLACA HUELLA EN LA VEREDA MESETAS SECTOR VILLA CRISTINA DEL MUNICIPIO DE SASAIMA, CUNDINAMARCA”
B54: =B11 -> ITEM No. NP01 | D54: =D11 -> CONCRETO CICLÓPEO CLASE G, 3000 PSI 40% RAJÓN PARA BASES | X54: UNIDAD | Z54: =Z11 -> M3
B56: Nº | C56: ABSCISAS | D56: LONGITUD | H56: ANCHO | K56: ESPESOR PROMEDIO | N56: No. ELEMENTOS | Q56: CANTIDAD TOTAL | R56: ESQUEMA Y/O REGISTRO FOTOGRÁFICO
B57: 1 | C57: Cantidad Original | Q57: =Q14 -> 0
B58: 2 | C58: Cantidades Requeridas
C59: TRAMO 6 - K0+374 AL K0+479 (Ancho 4,30)
C60: PLACA CENTRAL | D60: =479-374 -> 105 | H60: 0.9 | K60: 0.15 | N60: 1 | Q60: =ROUND(N60*H60*K60*D60,2) -> 14.18
C61: DESCUENTO VIGAS | D61: =H60 -> 0.9 | H61: 0.15 | K61: 0.15 | N61: =-ROUND(D60/3+1,0) -> -36 | Q61: =ROUND(N61*H61*K61*D61,2) -> -0.73
C62: TRAMO 7 - K0+479 AL K0+587 (Ancho 3,90)
C63: PLACA CENTRAL | D63: =587-479 -> 108 | H63: 0.9 | K63: 0.15 | N63: 1 | Q63: =ROUND(N63*H63*K63*D63,2) -> 14.58
C64: DESCUENTO VIGAS | D64: =H63 -> 0.9 | H64: 0.15 | K64: 0.15 | N64: =-ROUND(D63/3+1,0) -> -37 | Q64: =ROUND(N64*H64*K64*D64,2) -> -0.75
C65: TRAMO 8 - K0+587 AL K0+600 (Ancho 4,30) - Falta ampliación
C66: PLACA CENTRAL | D66: =600-587 -> 13 | H66: 0.9 | K66: 0.15 | N66: 1 | Q66: =ROUND(N66*H66*K66*D66,2) -> 1.76
C67: DESCUENTO VIGAS | D67: =H66 -> 0.9 | H67: 0.15 | K67: 0.15 | N67: =-ROUND(D66/3+1,0) -> -5 | Q67: =ROUND(N67*H67*K67*D67,2) -> -0.1
C68: TRAMO 9 - K0+600 AL K0+720 (Ancho 4,30)
C69: PLACA CENTRAL | D69: =720-600 -> 120 | H69: 0.9 | K69: 0.15 | N69: 1 | Q69: =ROUND(N69*H69*K69*D69,2) -> 16.2
C70: DESCUENTO VIGAS | D70: =H69 -> 0.9 | H70: 0.15 | K70: 0.15 | N70: =-ROUND(D69/3+1,0) -> -41 | Q70: =ROUND(N70*H70*K70*D70,2) -> -0.83
C71: TRAMO 10 - K0+720 AL K0+750 (Ancho 4,80)
C72: CUNETAS | D72: =750-720 -> 30 | H72: 0.9 | K72: 0.15 | N72: 1 | Q72: =ROUND(N72*H72*K72*D72,2) -> 4.05
C73: SOBREANCHOS LATERALES | D73: =D72 -> 30 | H73: 0.45 | K73: 0.15 | N73: 2 | Q73: =ROUND(N73*H73*K73*D73,2) -> 4.05
C74: DESCUENTO VIGAS | D74: =H72+H73*2 -> 1.8 | H74: 0.15 | K74: 0.15 | N74: =-ROUND(D72/3+1,0) -> -11 | Q74: =ROUND(N74*H74*K74*D74,2) -> -0.45
D77: SUBTOTAL | Q77: =ROUND(SUM(Q59:Q76),2) -> 51.96
D78: VIENEN | Q78: =Q36 -> 55.02
D79: ACUMULADO | Q79: =Q77+Q78 -> 106.98
C85: VoBo JAVIER DIAZ MURCIA | R85: VoBo JORGE GUILLERMO ROJAS LEON
C86: RESIDENTE DE OBRA | R86: RESIDENTE DE INTERVENTORIA
C87: ENVIRONMENTAL AND GEOMEDCHANICAL SOLUTIONS - EGS SAS | R87: HR INGENIERA SAS
O88: MEMORIAS DE CALCULO BALANCE
C92: CONTRATO No.: | D92: =D49 -> 207 DE 2024
C93: CONTRATISTA: | D93: =D50 -> ENVIRONMENTAL AND GEOMEDCHANICAL SOLUTIONS - EGS SAS | P93: INTERVENTORIA: | S93: =S50 -> HR INGENIERA SAS
B95: OBJETO: | D95: "MEJORAMIENTO DE VÍAS TERCIARIAS MEDIANTE EL USO DE PLACA HUELLA EN LA VEREDA MESETAS SECTOR VILLA CRISTINA DEL MUNICIPIO DE SASAIMA, CUNDINAMARCA”
B97: =B54 -> ITEM No. NP01 | D97: =D54 -> CONCRETO CICLÓPEO CLASE G, 3000 PSI 40% RAJÓN PARA BASES | X97: UNIDAD | Z97: =Z54 -> M3
B99: Nº | C99: ABSCISAS | D99: LONGITUD | H99: ANCHO | K99: ESPESOR PROMEDIO | N99: No. ELEMENTOS | Q99: CANTIDAD TOTAL | R99: ESQUEMA Y/O REGISTRO FOTOGRÁFICO
B100: 1 | C100: Cantidad Original | Q100: =Q57 -> 0
B101: 2 | C101: Cantidades Requeridas
C102: TRAMO 11 - K0+750 AL K1+006 (Ancho 4,30)
C103: PLACA CENTRAL | D103: =1006-750 -> 256 | H103: 0.9 | K103: 0.15 | N103: 1 | Q103: =ROUND(N103*H103*K103*D103,2) -> 34.56
C104: DESCUENTO VIGAS | D104: =H103 -> 0.9 | H104: 0.15 | K104: 0.15 | N104: =-ROUND(D103/3+1,0) -> -86 | Q104: =ROUND(N104*H104*K104*D104,2) -> -1.74
D120: SUBTOTAL | Q120: =ROUND(SUM(Q102:Q119),2) -> 32.82
D121: VIENEN | Q121: =Q79 -> 106.98
D122: ACUMULADO | Q122: =Q120+Q121 -> 139.8
C128: VoBo JAVIER DIAZ MURCIA | R128: VoBo JORGE GUILLERMO ROJAS LEON
C129: RESIDENTE DE OBRA | R129: RESIDENTE DE INTERVENTORIA
C130: ENVIRONMENTAL AND GEOMEDCHANICAL SOLUTIONS - EGS SAS | R130: HR INGENIERA SAS

Sheet NP02
O2: MEMORIAS DE CALCULO BALANCE
C6: CONTRATO No.: | D6: 207 DE 2024
C7: CONTRATISTA: | D7: ENVIRONMENTAL AND GEOMEDCHANICAL SOLUTIONS - EGS SAS | P7: INTERVENTORIA: | S7: HR INGENIERA SAS
B9: OBJETO: | D9: "MEJORAMIENTO DE VÍAS TERCIARIAS MEDIANTE EL USO DE PLACA HUELLA EN LA VEREDA MESETAS SECTOR VILLA CRISTINA DEL MUNICIPIO DE SASAIMA, CUNDINAMARCA”
B11: ITEM No. NP02 | D11: SUMINISTRO E INSTALACIÓN DE GEOTEXTIL T 2100 (ESTABILIZACIÓN, FILTRO Y SEPARACIÓN) | X11: UNIDAD | Z11: M2
B13: Nº | C13: ABSCISAS | D13: LONGITUD | H13: ANCHO | K13: ESPESOR PROMEDIO | N13: No. ELEMENTOS | Q13: CANTIDAD TOTAL | R13: ESQUEMA Y/O REGISTRO FOTOGRÁFICO
B14: 1 | C14: Cantidad Original | Q14: =+PRESUPUESTO!F27 -> 4523.18
B15: 2 | C15: Cantidades Requeridas
C16: TRAMO 1 - K0+000 AL K0+006 (Ancho 3,90) | D16: =6 -> 6 | H16: =3.9+0.3*2 -> 4.5 | N16: 1 | Q16: =ROUND(N16*H16*D16,2) -> 27
C17: TRAMO 2 - K0+006 AL K0+150 (Ancho 4,30) | D17: =150-6 -> 144 | H17: =4.3+0.3*2 -> 4.9 | N17: 1 | Q17: =ROUND(N17*H17*D17,2) -> 705.6
C18: TRAMO 3 - K0+150 AL K0+206 (Ancho 4,80) | D18: =206-150 -> 56 | H18: =4.8+0.3*2 -> 5.4 | N18: 1 | Q18: =ROUND(N18*H18*D18,2) -> 302.4
C19: TRAMO 4 - K0+206 AL K0+240 (Ancho 4,30) | D19: =240-206 -> 34 | H19: =4.3+0.3*2 -> 4.9 | N19: 1 | Q19: =ROUND(N19*H19*D19,2) -> 166.6
C20: TRAMO 5 - K0+240 AL K0+374 (Ancho 4,30) - Falta ampliación | D20: =374-240 -> 134 | H20: =4.3+0.3*2 -> 4.9 | N20: 1 | Q20: =ROUND(N20*H20*D20,2) -> 656.6
C21: TRAMO 6 - K0+374 AL K0+479 (Ancho 4,30) | D21: =479-374 -> 105 | H21: =4.3+0.3*2 -> 4.9 | N21: 1 | Q21: =ROUND(N21*H21*D21,2) -> 514.5
C22: TRAMO 7 - K0+479 AL K0+587 (Ancho 3,90) | D22: =587-479 -> 108 | H22: =3.9+0.3*2 -> 4.5 | N22: 1 | Q22: =ROUND(N22*H22*D22,2) -> 486
C23: TRAMO 8 - K0+587 AL K0+600 (Ancho 4,30) - Falta ampliación | D23: =600-587 -> 13 | H23: =4.3+0.3*2 -> 4.9 | N23: 1 | Q23: =ROUND(N23*H23*D23,2) -> 63.7
C24: TRAMO 9 - K0+600 AL K0+720 (Ancho 4,30) | D24: =720-600 -> 120 | H24: =4.3+0.3*2 -> 4.9 | N24: 1 | Q24: =ROUND(N24*H24*D24,2) -> 588
C25: TRAMO 10 - K0+720 AL K0+750 (Ancho 4,80) | D25: =750-720 -> 30 | H25: =4.8+0.3*2 -> 5.4 | N25: 1 | Q25: =ROUND(N25*H25*D25,2) -> 162
C26: TRAMO 11 - K0+750 AL K1+006 (Ancho 4,30) | D26: =1006-750 -> 256 | H26: =4.3+0.3*2 -> 4.9 | N26: 1 | Q26: =ROUND(N26*H26*D26,2) -> 1254.4
D36: TOTAL | Q36: =ROUND(SUM(Q16:Q35),2) -> 4926.8
C42: VoBo JAVIER DIAZ MURCIA | R42: VoBo JORGE GUILLERMO ROJAS LEON
C43: RESIDENTE DE OBRA | R43: RESIDENTE DE INTERVENTORIA
C44: ENVIRONMENTAL AND GEOMEDCHANICAL SOLUTIONS - EGS SAS | R44: HR INGENIERA SAS
